Workbook

Sheet Resumo Polo V
B1: GRUPO 05 / POLO V
G3: =B1 -> GRUPO 05 / POLO V
G4: ITEM | H4: CATSER | I4: ESPECIFICAÇÃO | N4: VALOR MENSAL | P4: VALOR 36 MESES
G5: 21 | H5: 23507 | I5: Posto de vigilância diurno, escala 44 horas semanais de segunda a sexta-feira envolvendo 1 vigilante, para Gerências Executivas Araçatuba, Bauru, Marília, Sorocaba e Presidente Prudente, e unidades subordinadas | N5: =F39+F62+F81+F99+F126 -> 1159375.3 | P5: =N5*36 -> 41737512
G6: 22 | H6: 23647 | I6: Posto de vigilância diurno, escala 12x36 horas de segunda-feira a domingo envolvendo 2 vigilantes, para Gerências Executivas Araçatuba, Bauru, Marília, Sorocaba e Presidente Prudente, e unidades subordinadas | N6: =I39+I62+I81+I99+I126 -> 270478.4 | P6: =N6*36 -> 9737222.3
G7: 23 | H7: 23957 | I7: Posto de vigilância noturno, escala 12x36 horas de segunda-feira a domingo envolvendo 2 vigilantes, para Gerências Executivas Araçatuba, Bauru, Marília, Sorocaba e Presidente Prudente, e unidades subordinadas | N7: =L39+L62+L81+L99+L126 -> 90080.11 | P7: =N7*36 -> 3242884
G8: 24 | H8: 23507 | I8: Hora eventual diurna, para Gerências Executivas Araçatuba, Bauru, Marília, Sorocaba e Presidente Prudente, e unidades subordinadas | N8: =O39+O62+O81+O99+O126 -> 11735.531 | P8: =N8*36 -> 422479.11
G9: 25 | H9: 23957 | I9: Hora eventual noturna, para Gerências Executivas Araçatuba, Bauru, Marília, Sorocaba e Presidente Prudente, e unidades subordinadas | N9: =R39+R62+R81+R99+R126 -> 1445.5075 | P9: =N9*36 -> 52038.271
G10: VALOR TOTAL MENSAL | N10: =SUM(N5:N9) -> 1533114.9
G11: VALOR TOTAL GLOBAL 36 MESES | N11: =SUM(P5:Q9) -> 55192136
G14: DIVISÃO POR GERÊNCIAS POLO V
G15: GERÊNCIA EXECUTIVA | J15: VALOR MENSAL | N15: ESCALA DE TRABALHO | R15: QUANTIDADE DE POSTOS
G16: =B23 -> GERÊNCIA EXECUTIVA ARAÇATUBA | J16: =S39 -> 200640.14 | N16: 44 horas semanais de segunda a sexta-feira | R16: =D39+D62+D81+D99+D126 -> 146
G17: =B42 -> GERÊNCIA EXECUTIVA BAURU | J17: =S62 -> 368442.73 | N17: 12x36 horas diurnas de segunda-feira a domingo | R17: =G39+G62+G81+G99+G126 -> 17
G18: =B65 -> GERÊNCIA EXECUTIVA MARÍLIA | J18: =S81 -> 276905.72 | N18: 12x36 horas noturnas de segunda-feira a domingo | R18: =J39+J62+J81+J99+J126 -> 5
G19: =B84 -> GERÊNCIA EXECUTIVA PRESIDENTE PRUDENTE | J19: =S99 -> 245104.29
G20: =B102 -> GERÊNCIA EXECUTIVA SOROCABA | J20: =S126 -> 442021.99 | N20: HORAS EVENTUAIS | R20: QUANTIDADE DE HORAS
G21: VALOR GLOBAL MENSAL | J21: =SUM(J16:J20) -> 1533114.9 | N21: horas eventuais diurnas | R21: =M39+M62+M81+M99+M126 -> 325
G22: VALOR GLOBAL 36 MESES | J22: =J21*36 -> 55192136 | N22: horas eventuais noturnas | R22: =P39+P62+P81+P99+P126 -> 35
B23: GERÊNCIA EXECUTIVA ARAÇATUBA
B24: UNIDADES | C24: ISS% | D24: 44 HORAS | G24: 12 x 36 DIURNO | J24: 12 x 36 NOTURNO | M24: HORA EVENTUAL DIURNA | P24: HORA EVENTUAL NOTURNA | S24: VALOR MENSAL
D25: QUANT. | E25: VALOR UNIT. MENSAL | F25: VALOR MENSAL | G25: QUANT. | H25: VALOR UNIT. MENSAL | I25: VALOR MENSAL | J25: QUANT. | K25: VALOR UNIT. MENSAL | L25: VALOR MENSAL | M25: QUANT. | N25: VALOR DA HORA | O25: VALOR MENSAL | P25: QUANT. | Q25: VALOR DA HORA | R25: VALOR MENSAL
B26: AGÊNCIA DA PREVIDÊNCIA SOCIAL ANDRADINA | C26: 0.03 | D26: 1 | E26: =VLOOKUP($C26,'Memória de Cálculo 3'!$B$2:$E$11,2, ) -> 7890.4664 | F26: =D26*E26 -> 7890.4664 | G26: 1 | H26: =VLOOKUP($C26,'Memória de Cálculo 3'!$B$2:$E$11,3, ) -> 15807.629 | I26: =G26*H26 -> 15807.629 | J26: 0 | K26: =VLOOKUP($C26,'Memória de Cálculo 3'!$B$2:$E$11,4, ) -> 18013.514 | L26: =J26*K26 -> 0 | M26: 4 | N26: =VLOOKUP($C26,'Memória de Cálculo 3'!$B$2:$G$11,5, ) -> 35.865756 | O26: =M26*N26 -> 143.46302 | Q26: =VLOOKUP($C26,'Memória de Cálculo 3'!$B$2:$G$11,6, ) -> 40.939805 | R26: =P26*Q26 -> 0 | S26: =F26+I26+L26+O26+R26 -> 23841.558
B27: AGÊNCIA DA PREVIDÊNCIA SOCIAL ARAÇATUBA | C27: 0.04 | D27: 2 | E27: =VLOOKUP($C27,'Memória de Cálculo 3'!$B$2:$E$11,2, ) -> 7975.9073 | F27: =D27*E27 -> 15951.815 | G27: 1 | H27: =VLOOKUP($C27,'Memória de Cálculo 3'!$B$2:$E$11,3, ) -> 15978.8 | I27: =G27*H27 -> 15978.8 | J27: 0 | K27: =VLOOKUP($C27,'Memória de Cálculo 3'!$B$2:$E$11,4, ) -> 18208.571 | L27: =J27*K27 -> 0 | M27: 4 | N27: =VLOOKUP($C27,'Memória de Cálculo 3'!$B$2:$G$11,5, ) -> 36.254124 | O27: =M27*N27 -> 145.0165 | Q27: =VLOOKUP($C27,'Memória de Cálculo 3'!$B$2:$G$11,6, ) -> 41.383116 | R27: =P27*Q27 -> 0 | S27: =F27+I27+L27+O27+R27 -> 32075.631
B28: AGÊNCIA DA PREVIDÊNCIA SOCIAL BIRIGÜI | C28: 0.04 | D28: 3 | E28: =VLOOKUP($C28,'Memória de Cálculo 3'!$B$2:$E$11,2, ) -> 7975.9073 | F28: =D28*E28 -> 23927.722 | G28: 0 | H28: =VLOOKUP($C28,'Memória de Cálculo 3'!$B$2:$E$11,3, ) -> 15978.8 | I28: =G28*H28 -> 0 | J28: 0 | K28: =VLOOKUP($C28,'Memória de Cálculo 3'!$B$2:$E$11,4, ) -> 18208.571 | L28: =J28*K28 -> 0 | M28: 4 | N28: =VLOOKUP($C28,'Memória de Cálculo 3'!$B$2:$G$11,5, ) -> 36.254124 | O28: =M28*N28 -> 145.0165 | Q28: =VLOOKUP($C28,'Memória de Cálculo 3'!$B$2:$G$11,6, ) -> 41.383116 | R28: =P28*Q28 -> 0 | S28: =F28+I28+L28+O28+R28 -> 24072.738
B29: AGÊNCIA DA PREVIDÊNCIA SOCIAL GUARARAPES | C29: 0.04 | D29: 1 | E29: =VLOOKUP($C29,'Memória de Cálculo 3'!$B$2:$E$11,2, ) -> 7975.9073 | F29: =D29*E29 -> 7975.9073 | G29: 0 | H29: =VLOOKUP($C29,'Memória de Cálculo 3'!$B$2:$E$11,3, ) -> 15978.8 | I29: =G29*H29 -> 0 | J29: 0 | K29: =VLOOKUP($C29,'Memória de Cálculo 3'!$B$2:$E$11,4, ) -> 18208.571 | L29: =J29*K29 -> 0 | M29: 4 | N29: =VLOOKUP($C29,'Memória de Cálculo 3'!$B$2:$G$11,5, ) -> 36.254124 | O29: =M29*N29 -> 145.0165 | Q29: =VLOOKUP($C29,'Memória de Cálculo 3'!$B$2:$G$11,6, ) -> 41.383116 | R29: =P29*Q29 -> 0 | S29: =F29+I29+L29+O29+R29 -> 8120.9238
B30: AGÊNCIA DA PREVIDÊNCIA SOCIAL ILHA SOLTEIRA | C30: 0.03 | D30: 2 | E30: =VLOOKUP($C30,'Memória de Cálculo 3'!$B$2:$E$11,2, ) -> 7890.4664 | F30: =D30*E30 -> 15780.933 | G30: 0 | H30: =VLOOKUP($C30,'Memória de Cálculo 3'!$B$2:$E$11,3, ) -> 15807.629 | I30: =G30*H30 -> 0 | J30: 0 | K30: =VLOOKUP($C30,'Memória de Cálculo 3'!$B$2:$E$11,4, ) -> 18013.514 | L30: =J30*K30 -> 0 | M30: 4 | N30: =VLOOKUP($C30,'Memória de Cálculo 3'!$B$2:$G$11,5, ) -> 35.865756 | O30: =M30*N30 -> 143.46302 | Q30: =VLOOKUP($C30,'Memória de Cálculo 3'!$B$2:$G$11,6, ) -> 40.939805 | R30: =P30*Q30 -> 0 | S30: =F30+I30+L30+O30+R30 -> 15924.396
B31: AGÊNCIA DA PREVIDÊNCIA SOCIAL LINS | C31: 0.02 | D31: 2 | E31: =VLOOKUP($C31,'Memória de Cálculo 3'!$B$2:$E$11,2, ) -> 7806.8366 | F31: =D31*E31 -> 15613.673 | G31: 0 | H31: =VLOOKUP($C31,'Memória de Cálculo 3'!$B$2:$E$11,3, ) -> 15640.086 | I31: =G31*H31 -> 0 | J31: 0 | K31: =VLOOKUP($C31,'Memória de Cálculo 3'!$B$2:$E$11,4, ) -> 17822.592 | L31: =J31*K31 -> 0 | M31: 4 | N31: =VLOOKUP($C31,'Memória de Cálculo 3'!$B$2:$G$11,5, ) -> 35.485621 | O31: =M31*N31 -> 141.94248 | Q31: =VLOOKUP($C31,'Memória de Cálculo 3'!$B$2:$G$11,6, ) -> 40.50589 | R31: =P31*Q31 -> 0 | S31: =F31+I31+L31+O31+R31 -> 15755.616
B32: AGÊNCIA DA PREVIDÊNCIA SOCIAL MIRANDÓPOLIS | C32: 0.05 | D32: 1 | E32: =VLOOKUP($C32,'Memória de Cálculo 3'!$B$2:$E$11,2, ) -> 8063.2188 | F32: =D32*E32 -> 8063.2188 | G32: 0 | H32: =VLOOKUP($C32,'Memória de Cálculo 3'!$B$2:$E$11,3, ) -> 16153.718 | I32: =G32*H32 -> 0 | J32: 0 | K32: =VLOOKUP($C32,'Memória de Cálculo 3'!$B$2:$E$11,4, ) -> 18407.899 | L32: =J32*K32 -> 0 | M32: 4 | N32: =VLOOKUP($C32,'Memória de Cálculo 3'!$B$2:$G$11,5, ) -> 36.650994 | O32: =M32*N32 -> 146.60398 | Q32: =VLOOKUP($C32,'Memória de Cálculo 3'!$B$2:$G$11,6, ) -> 41.836133 | R32: =P32*Q32 -> 0 | S32: =F32+I32+L32+O32+R32 -> 8209.8228
B33: AGÊNCIA DA PREVIDÊNCIA SOCIAL PENÁPOLIS | C33: 0.03 | D33: 2 | E33: =VLOOKUP($C33,'Memória de Cálculo 3'!$B$2:$E$11,2, ) -> 7890.4664 | F33: =D33*E33 -> 15780.933 | G33: 0 | H33: =VLOOKUP($C33,'Memória de Cálculo 3'!$B$2:$E$11,3, ) -> 15807.629 | I33: =G33*H33 -> 0 | J33: 0 | K33: =VLOOKUP($C33,'Memória de Cálculo 3'!$B$2:$E$11,4, ) -> 18013.514 | L33: =J33*K33 -> 0 | M33: 4 | N33: =VLOOKUP($C33,'Memória de Cálculo 3'!$B$2:$G$11,5, ) -> 35.865756 | O33: =M33*N33 -> 143.46302 | Q33: =VLOOKUP($C33,'Memória de Cálculo 3'!$B$2:$G$11,6, ) -> 40.939805 | R33: =P33*Q33 -> 0 | S33: =F33+I33+L33+O33+R33 -> 15924.396
B34: AGÊNCIA DA PREVIDÊNCIA SOCIAL PEREIRA BARRETO | C34: 0.04 | D34: 1 | E34: =VLOOKUP($C34,'Memória de Cálculo 3'!$B$2:$E$11,2, ) -> 7975.9073 | F34: =D34*E34 -> 7975.9073 | G34: 0 | H34: =VLOOKUP($C34,'Memória de Cálculo 3'!$B$2:$E$11,3, ) -> 15978.8 | I34: =G34*H34 -> 0 | J34: 0 | K34: =VLOOKUP($C34,'Memória de Cálculo 3'!$B$2:$E$11,4, ) -> 18208.571 | L34: =J34*K34 -> 0 | M34: 4 | N34: =VLOOKUP($C34,'Memória de Cálculo 3'!$B$2:$G$11,5, ) -> 36.254124 | O34: =M34*N34 -> 145.0165 | Q34: =VLOOKUP($C34,'Memória de Cálculo 3'!$B$2:$G$11,6, ) -> 41.383116 | R34: =P34*Q34 -> 0 | S34: =F34+I34+L34+O34+R34 -> 8120.9238
B35: AGÊNCIA DA PREVIDÊNCIA SOCIAL PIRAJUÍ | C35: 0.05 | D35: 1 | E35: =VLOOKUP($C35,'Memória de Cálculo 3'!$B$2:$E$11,2, ) -> 8063.2188 | F35: =D35*E35 -> 8063.2188 | G35: 0 | H35: =VLOOKUP($C35,'Memória de Cálculo 3'!$B$2:$E$11,3, ) -> 16153.718 | I35: =G35*H35 -> 0 | J35: 0 | K35: =VLOOKUP($C35,'Memória de Cálculo 3'!$B$2:$E$11,4, ) -> 18407.899 | L35: =J35*K35 -> 0 | M35: 4 | N35: =VLOOKUP($C35,'Memória de Cálculo 3'!$B$2:$G$11,5, ) -> 36.650994 | O35: =M35*N35 -> 146.60398 | Q35: =VLOOKUP($C35,'Memória de Cálculo 3'!$B$2:$G$11,6, ) -> 41.836133 | R35: =P35*Q35 -> 0 | S35: =F35+I35+L35+O35+R35 -> 8209.8228
B36: AGÊNCIA DA PREVIDÊNCIA SOCIAL PROMISSÃO | C36: 0.02 | D36: 2 | E36: =VLOOKUP($C36,'Memória de Cálculo 3'!$B$2:$E$11,2, ) -> 7806.8366 | F36: =D36*E36 -> 15613.673 | G36: 0 | H36: =VLOOKUP($C36,'Memória de Cálculo 3'!$B$2:$E$11,3, ) -> 15640.086 | I36: =G36*H36 -> 0 | J36: 0 | K36: =VLOOKUP($C36,'Memória de Cálculo 3'!$B$2:$E$11,4, ) -> 17822.592 | L36: =J36*K36 -> 0 | M36: 4 | N36: =VLOOKUP($C36,'Memória de Cálculo 3'!$B$2:$G$11,5, ) -> 35.485621 | O36: =M36*N36 -> 141.94248 | Q36: =VLOOKUP($C36,'Memória de Cálculo 3'!$B$2:$G$11,6, ) -> 40.50589 | R36: =P36*Q36 -> 0 | S36: =F36+I36+L36+O36+R36 -> 15755.616
B37: AGÊNCIA DA PREVIDÊNCIA SOCIAL VALPARAÍSO | C37: 0.03 | D37: 1 | E37: =VLOOKUP($C37,'Memória de Cálculo 3'!$B$2:$E$11,2, ) -> 7890.4664 | F37: =D37*E37 -> 7890.4664 | G37: 0 | H37: =VLOOKUP($C37,'Memória de Cálculo 3'!$B$2:$E$11,3, ) -> 15807.629 | I37: =G37*H37 -> 0 | J37: 0 | K37: =VLOOKUP($C37,'Memória de Cálculo 3'!$B$2:$E$11,4, ) -> 18013.514 | L37: =J37*K37 -> 0 | M37: 4 | N37: =VLOOKUP($C37,'Memória de Cálculo 3'!$B$2:$G$11,5, ) -> 35.865756 | O37: =M37*N37 -> 143.46302 | Q37: =VLOOKUP($C37,'Memória de Cálculo 3'!$B$2:$G$11,6, ) -> 40.939805 | R37: =P37*Q37 -> 0 | S37: =F37+I37+L37+O37+R37 -> 8033.9294
B38: GERÊNCIA EXECUTIVA ARAÇATUBA | C38: 0.04 | D38: 0 | E38: =VLOOKUP($C38,'Memória de Cálculo 3'!$B$2:$E$11,2, ) -> 7975.9073 | F38: =D38*E38 -> 0 | G38: 1 | H38: =VLOOKUP($C38,'Memória de Cálculo 3'!$B$2:$E$11,3, ) -> 15978.8 | I38: =G38*H38 -> 15978.8 | J38: 0 | K38: =VLOOKUP($C38,'Memória de Cálculo 3'!$B$2:$E$11,4, ) -> 18208.571 | L38: =J38*K38 -> 0 | M38: 9 | N38: =VLOOKUP($C38,'Memória de Cálculo 3'!$B$2:$G$11,5, ) -> 36.254124 | O38: =M38*N38 -> 326.28712 | P38: 7 | Q38: =VLOOKUP($C38,'Memória de Cálculo 3'!$B$2:$G$11,6, ) -> 41.383116 | R38: =P38*Q38 -> 289.68181 | S38: =F38+I38+L38+O38+R38 -> 16594.769
B39: VALOR GLOBAL MENSAL | D39: =SUM(D26:D38) -> 19 | F39: =SUM(F26:F38) -> 150527.93 | G39: =SUM(G26:G38) -> 3 | I39: =SUM(I26:I38) -> 47765.228 | J39: =SUM(J26:J38) -> 0 | L39: =SUM(L26:L38) -> 0 | M39: =SUM(M26:M38) -> 57 | O39: =SUM(O26:O38) -> 2057.2981 | P39: =SUM(P26:P38) -> 7 | R39: =SUM(R26:R38) -> 289.68181 | S39: =SUM(S26:S38) -> 200640.14
B40: VALOR GLOBAL | S40: =S39*36 -> 7223045.1
B42: GERÊNCIA EXECUTIVA BAURU
B43: UNIDADES | C43: ISS% | D43: 44 HORAS | G43: 12 x 36 DIURNO | J43: 12 x 36 NOTURNO | M43: HORA EVENTUAL DIURNA | P43: HORA EVENTUAL NOTURNA | S43: VALOR MENSAL
D44: QUANT. | E44: VALOR UNIT. MENSAL | F44: VALOR MENSAL | G44: QUANT. | H44: VALOR UNIT. MENSAL | I44: VALOR MENSAL | J44: QUANT. | K44: VALOR UNIT. MENSAL | L44: VALOR MENSAL | M44: QUANT. | N44: VALOR DA HORA | O44: VALOR MENSAL | P44: QUANT. | Q44: VALOR DA HORA | R44: VALOR MENSAL
B45: AGÊNCIA DA PREVIDÊNCIA SOCIAL AGUDOS | C45: 0.03 | D45: 2 | E45: =VLOOKUP($C45,'Memória de Cálculo 3'!$B$2:$E$11,2, ) -> 7890.4664 | F45: =D45*E45 -> 15780.933 | G45: 0 | H45: =VLOOKUP($C45,'Memória de Cálculo 3'!$B$2:$E$11,3, ) -> 15807.629 | I45: =G45*H45 -> 0 | J45: 0 | K45: =VLOOKUP($C45,'Memória de Cálculo 3'!$B$2:$E$11,4, ) -> 18013.514 | L45: =J45*K45 -> 0 | M45: 4 | N45: =VLOOKUP($C45,'Memória de Cálculo 3'!$B$2:$G$11,5, ) -> 35.865756 | O45: =M45*N45 -> 143.46302 | Q45: =VLOOKUP($C45,'Memória de Cálculo 3'!$B$2:$G$11,6, ) -> 40.939805 | R45: =P45*Q45 -> 0 | S45: =F45+I45+L45+O45+R45 -> 15924.396
B46: AGÊNCIA DA PREVIDÊNCIA SOCIAL AVARÉ | C46: 0.03 | D46: 2 | E46: =VLOOKUP($C46,'Memória de Cálculo 3'!$B$2:$E$11,2, ) -> 7890.4664 | F46: =D46*E46 -> 15780.933 | G46: 0 | H46: =VLOOKUP($C46,'Memória de Cálculo 3'!$B$2:$E$11,3, ) -> 15807.629 | I46: =G46*H46 -> 0 | J46: 0 | K46: =VLOOKUP($C46,'Memória de Cálculo 3'!$B$2:$E$11,4, ) -> 18013.514 | L46: =J46*K46 -> 0 | M46: 4 | N46: =VLOOKUP($C46,'Memória de Cálculo 3'!$B$2:$G$11,5, ) -> 35.865756 | O46: =M46*N46 -> 143.46302 | Q46: =VLOOKUP($C46,'Memória de Cálculo 3'!$B$2:$G$11,6, ) -> 40.939805 | R46: =P46*Q46 -> 0 | S46: =F46+I46+L46+O46+R46 -> 15924.396
B47: AGÊNCIA DA PREVIDÊNCIA SOCIAL BARIRI | C47: 0.02 | D47: 2 | E47: =VLOOKUP($C47,'Memória de Cálculo 3'!$B$2:$E$11,2, ) -> 7806.8366 | F47: =D47*E47 -> 15613.673 | G47: 0 | H47: =VLOOKUP($C47,'Memória de Cálculo 3'!$B$2:$E$11,3, ) -> 15640.086 | I47: =G47*H47 -> 0 | J47: 0 | K47: =VLOOKUP($C47,'Memória de Cálculo 3'!$B$2:$E$11,4, ) -> 17822.592 | L47: =J47*K47 -> 0 | M47: 4 | N47: =VLOOKUP($C47,'Memória de Cálculo 3'!$B$2:$G$11,5, ) -> 35.485621 | O47: =M47*N47 -> 141.94248 | Q47: =VLOOKUP($C47,'Memória de Cálculo 3'!$B$2:$G$11,6, ) -> 40.50589 | R47: =P47*Q47 -> 0 | S47: =F47+I47+L47+O47+R47 -> 15755.616
B48: AGÊNCIA DA PREVIDÊNCIA SOCIAL BARRA BONITA | C48: 0.03 | D48: 2 | E48: =VLOOKUP($C48,'Memória de Cálculo 3'!$B$2:$E$11,2, ) -> 7890.4664 | F48: =D48*E48 -> 15780.933 | G48: 0 | H48: =VLOOKUP($C48,'Memória de Cálculo 3'!$B$2:$E$11,3, ) -> 15807.629 | I48: =G48*H48 -> 0 | J48: 0 | K48: =VLOOKUP($C48,'Memória de Cálculo 3'!$B$2:$E$11,4, ) -> 18013.514 | L48: =J48*K48 -> 0 | M48: 4 | N48: =VLOOKUP($C48,'Memória de Cálculo 3'!$B$2:$G$11,5, ) -> 35.865756 | O48: =M48*N48 -> 143.46302 | Q48: =VLOOKUP($C48,'Memória de Cálculo 3'!$B$2:$G$11,6, ) -> 40.939805 | R48: =P48*Q48 -> 0 | S48: =F48+I48+L48+O48+R48 -> 15924.396
B49: AGÊNCIA DA PREVIDÊNCIA SOCIAL BAURU | C49: 0.02 | D49: 3 | E49: =VLOOKUP($C49,'Memória de Cálculo 3'!$B$2:$E$11,2, ) -> 7806.8366 | F49: =D49*E49 -> 23420.51 | G49: 1 | H49: =VLOOKUP($C49,'Memória de Cálculo 3'!$B$2:$E$11,3, ) -> 15640.086 | I49: =G49*H49 -> 15640.086 | J49: 0 | K49: =VLOOKUP($C49,'Memória de Cálculo 3'!$B$2:$E$11,4, ) -> 17822.592 | L49: =J49*K49 -> 0 | M49: 4 | N49: =VLOOKUP($C49,'Memória de Cálculo 3'!$B$2:$G$11,5, ) -> 35.485621 | O49: =M49*N49 -> 141.94248 | Q49: =VLOOKUP($C49,'Memória de Cálculo 3'!$B$2:$G$11,6, ) -> 40.50589 | R49: =P49*Q49 -> 0 | S49: =F49+I49+L49+O49+R49 -> 39202.539
B50: AGÊNCIA DA PREVIDÊNCIA SOCIAL BOTUCATU | C50: 0.02 | D50: 2 | E50: =VLOOKUP($C50,'Memória de Cálculo 3'!$B$2:$E$11,2, ) -> 7806.8366 | F50: =D50*E50 -> 15613.673 | G50: 1 | H50: =VLOOKUP($C50,'Memória de Cálculo 3'!$B$2:$E$11,3, ) -> 15640.086 | I50: =G50*H50 -> 15640.086 | J50: 0 | K50: =VLOOKUP($C50,'Memória de Cálculo 3'!$B$2:$E$11,4, ) -> 17822.592 | L50: =J50*K50 -> 0 | M50: 4 | N50: =VLOOKUP($C50,'Memória de Cálculo 3'!$B$2:$G$11,5, ) -> 35.485621 | O50: =M50*N50 -> 141.94248 | Q50: =VLOOKUP($C50,'Memória de Cálculo 3'!$B$2:$G$11,6, ) -> 40.50589 | R50: =P50*Q50 -> 0 | S50: =F50+I50+L50+O50+R50 -> 31395.702
B51: AGÊNCIA DA PREVIDÊNCIA SOCIAL BROTAS | C51: 0.05 | D51: 2 | E51: =VLOOKUP($C51,'Memória de Cálculo 3'!$B$2:$E$11,2, ) -> 8063.2188 | F51: =D51*E51 -> 16126.438 | G51: 0 | H51: =VLOOKUP($C51,'Memória de Cálculo 3'!$B$2:$E$11,3, ) -> 16153.718 | I51: =G51*H51 -> 0 | J51: 0 | K51: =VLOOKUP($C51,'Memória de Cálculo 3'!$B$2:$E$11,4, ) -> 18407.899 | L51: =J51*K51 -> 0 | M51: 4 | N51: =VLOOKUP($C51,'Memória de Cálculo 3'!$B$2:$G$11,5, ) -> 36.650994 | O51: =M51*N51 -> 146.60398 | Q51: =VLOOKUP($C51,'Memória de Cálculo 3'!$B$2:$G$11,6, ) -> 41.836133 | R51: =P51*Q51 -> 0 | S51: =F51+I51+L51+O51+R51 -> 16273.042
B52: AGÊNCIA DA PREVIDÊNCIA SOCIAL DOIS CÓRREGOS | C52: 0.02 | D52: 2 | E52: =VLOOKUP($C52,'Memória de Cálculo 3'!$B$2:$E$11,2, ) -> 7806.8366 | F52: =D52*E52 -> 15613.673 | G52: 0 | H52: =VLOOKUP($C52,'Memória de Cálculo 3'!$B$2:$E$11,3, ) -> 15640.086 | I52: =G52*H52 -> 0 | J52: 0 | K52: =VLOOKUP($C52,'Memória de Cálculo 3'!$B$2:$E$11,4, ) -> 17822.592 | L52: =J52*K52 -> 0 | M52: 4 | N52: =VLOOKUP($C52,'Memória de Cálculo 3'!$B$2:$G$11,5, ) -> 35.485621 | O52: =M52*N52 -> 141.94248 | Q52: =VLOOKUP($C52,'Memória de Cálculo 3'!$B$2:$G$11,6, ) -> 40.50589 | R52: =P52*Q52 -> 0 | S52: =F52+I52+L52+O52+R52 -> 15755.616
B53: AGÊNCIA DA PREVIDÊNCIA SOCIAL IGARAÇU DO TIETÊ | C53: 0.02 | D53: 2 | E53: =VLOOKUP($C53,'Memória de Cálculo 3'!$B$2:$E$11,2, ) -> 7806.8366 | F53: =D53*E53 -> 15613.673 | G53: 0 | H53: =VLOOKUP($C53,'Memória de Cálculo 3'!$B$2:$E$11,3, ) -> 15640.086 | I53: =G53*H53 -> 0 | J53: 0 | K53: =VLOOKUP($C53,'Memória de Cálculo 3'!$B$2:$E$11,4, ) -> 17822.592 | L53: =J53*K53 -> 0 | M53: 4 | N53: =VLOOKUP($C53,'Memória de Cálculo 3'!$B$2:$G$11,5, ) -> 35.485621 | O53: =M53*N53 -> 141.94248 | Q53: =VLOOKUP($C53,'Memória de Cálculo 3'!$B$2:$G$11,6, ) -> 40.50589 | R53: =P53*Q53 -> 0 | S53: =F53+I53+L53+O53+R53 -> 15755.616
B54: AGÊNCIA DA PREVIDÊNCIA SOCIAL ITAÍ | C54: 0.02 | D54: 2 | E54: =VLOOKUP($C54,'Memória de Cálculo 3'!$B$2:$E$11,2, ) -> 7806.8366 | F54: =D54*E54 -> 15613.673 | G54: 0 | H54: =VLOOKUP($C54,'Memória de Cálculo 3'!$B$2:$E$11,3, ) -> 15640.086 | I54: =G54*H54 -> 0 | J54: 0 | K54: =VLOOKUP($C54,'Memória de Cálculo 3'!$B$2:$E$11,4, ) -> 17822.592 | L54: =J54*K54 -> 0 | M54: 4 | N54: =VLOOKUP($C54,'Memória de Cálculo 3'!$B$2:$G$11,5, ) -> 35.485621 | O54: =M54*N54 -> 141.94248 | Q54: =VLOOKUP($C54,'Memória de Cálculo 3'!$B$2:$G$11,6, ) -> 40.50589 | R54: =P54*Q54 -> 0 | S54: =F54+I54+L54+O54+R54 -> 15755.616
B55: AGÊNCIA DA PREVIDÊNCIA SOCIAL JAÚ | C55: 0.03 | D55: 2 | E55: =VLOOKUP($C55,'Memória de Cálculo 3'!$B$2:$E$11,2, ) -> 7890.4664 | F55: =D55*E55 -> 15780.933 | G55: 1 | H55: =VLOOKUP($C55,'Memória de Cálculo 3'!$B$2:$E$11,3, ) -> 15807.629 | I55: =G55*H55 -> 15807.629 | J55: 0 | K55: =VLOOKUP($C55,'Memória de Cálculo 3'!$B$2:$E$11,4, ) -> 18013.514 | L55: =J55*K55 -> 0 | M55: 4 | N55: =VLOOKUP($C55,'Memória de Cálculo 3'!$B$2:$G$11,5, ) -> 35.865756 | O55: =M55*N55 -> 143.46302 | Q55: =VLOOKUP($C55,'Memória de Cálculo 3'!$B$2:$G$11,6, ) -> 40.939805 | R55: =P55*Q55 -> 0 | S55: =F55+I55+L55+O55+R55 -> 31732.024
B56: AGÊNCIA DA PREVIDÊNCIA SOCIAL LENCÓIS PAULISTA | C56: 0.02 | D56: 2 | E56: =VLOOKUP($C56,'Memória de Cálculo 3'!$B$2:$E$11,2, ) -> 7806.8366 | F56: =D56*E56 -> 15613.673 | G56: 0 | H56: =VLOOKUP($C56,'Memória de Cálculo 3'!$B$2:$E$11,3, ) -> 15640.086 | I56: =G56*H56 -> 0 | J56: 0 | K56: =VLOOKUP($C56,'Memória de Cálculo 3'!$B$2:$E$11,4, ) -> 17822.592 | L56: =J56*K56 -> 0 | M56: 4 | N56: =VLOOKUP($C56,'Memória de Cálculo 3'!$B$2:$G$11,5, ) -> 35.485621 | O56: =M56*N56 -> 141.94248 | Q56: =VLOOKUP($C56,'Memória de Cálculo 3'!$B$2:$G$11,6, ) -> 40.50589 | R56: =P56*Q56 -> 0 | S56: =F56+I56+L56+O56+R56 -> 15755.616
... B59: AGÊNCIA DA PREVIDÊNCIA SOCIAL TAQUARITUBA | C59: 0.05 | D59: 2 | E59: =VLOOKUP($C59,'Memória de Cálculo 3'!$B$2:$E$11,2, ) -> 8063.2188 | F59: =D59*E59 -> 16126.438 | G59: 0 | H59: =VLOOKUP($C59,'Memória de Cálculo 3'!$B$2:$E$11,3, ) -> 16153.718 | I59: =G59*H59 -> 0 | J59: 0 | K59: =VLOOKUP($C59,'Memória de Cálculo 3'!$B$2:$E$11,4, ) -> 18407.899 | L59: =J59*K59 -> 0 | M59: 4 | N59: =VLOOKUP($C59,'Memória de Cálculo 3'!$B$2:$G$11,5, ) -> 36.650994 | O59: =M59*N59 -> 146.60398 | Q59: =VLOOKUP($C59,'Memória de Cálculo 3'!$B$2:$G$11,6, ) -> 41.836133 | R59: =P59*Q59 -> 0 | S59: =F59+I59+L59+O59+R59 -> 16273.042
B60: NÃO OPERACIONAL - R AZARIAS LEITE 1-75 | C60: 0.02 | D60: 0 | E60: =VLOOKUP($C60,'Memória de Cálculo 3'!$B$2:$E$11,2, ) -> 7806.8366 | F60: =D60*E60 -> 0 | G60: 1 | H60: =VLOOKUP($C60,'Memória de Cálculo 3'!$B$2:$E$11,3, ) -> 15640.086 | I60: =G60*H60 -> 15640.086 | J60: 1 | K60: =VLOOKUP($C60,'Memória de Cálculo 3'!$B$2:$E$11,4, ) -> 17822.592 | L60: =J60*K60 -> 17822.592 | N60: =VLOOKUP($C60,'Memória de Cálculo 3'!$B$2:$G$11,5, ) -> 35.485621 | O60: =M60*N60 -> 0 | Q60: =VLOOKUP($C60,'Memória de Cálculo 3'!$B$2:$G$11,6, ) -> 40.50589 | R60: =P60*Q60 -> 0 | S60: =F60+I60+L60+O60+R60 -> 33462.678
B61: GERÊNCIA EXECUTIVA BAURU | C61: 0.02 | D61: 1 | E61: =VLOOKUP($C61,'Memória de Cálculo 3'!$B$2:$E$11,2, ) -> 7806.8366 | F61: =D61*E61 -> 7806.8366 | G61: 1 | H61: =VLOOKUP($C61,'Memória de Cálculo 3'!$B$2:$E$11,3, ) -> 15640.086 | I61: =G61*H61 -> 15640.086 | J61: 1 | K61: =VLOOKUP($C61,'Memória de Cálculo 3'!$B$2:$E$11,4, ) -> 17822.592 | L61: =J61*K61 -> 17822.592 | M61: 9 | N61: =VLOOKUP($C61,'Memória de Cálculo 3'!$B$2:$G$11,5, ) -> 35.485621 | O61: =M61*N61 -> 319.37059 | P61: 7 | Q61: =VLOOKUP($C61,'Memória de Cálculo 3'!$B$2:$G$11,6, ) -> 40.50589 | R61: =P61*Q61 -> 283.54123 | S61: =F61+I61+L61+O61+R61 -> 41872.427
B62: VALOR GLOBAL MENSAL | D62: =SUM(D45:D61) -> 32 | F62: =SUM(F45:F61) -> 251680.6 | G62: =SUM(G45:G61) -> 5 | I62: =SUM(I45:I61) -> 78367.974 | J62: =SUM(J45:J61) -> 2 | L62: =SUM(L45:L61) -> 35645.184 | M62: =SUM(M45:M61) -> 69 | O62: =SUM(O45:O61) -> 2465.4335 | P62: =SUM(P45:P61) -> 7 | R62: =SUM(R45:R61) -> 283.54123 | S62: =SUM(S45:S61) -> 368442.73
B63: VALOR GLOBAL | S63: =S62*36 -> 13263938
B65: GERÊNCIA EXECUTIVA MARÍLIA
B66: UNIDADES | C66: ISS% | D66: 44 HORAS | G66: 12 x 36 DIURNO | J66: 12 x 36 NOTURNO | M66: HORA EVENTUAL DIURNA | P66: HORA EVENTUAL NOTURNA | S66: VALOR MENSAL
D67: QUANT. | E67: VALOR UNIT. MENSAL | F67: VALOR MENSAL | G67: QUANT. | H67: VALOR UNIT. MENSAL | I67: VALOR MENSAL | J67: QUANT. | K67: VALOR UNIT. MENSAL | L67: VALOR MENSAL | M67: QUANT. | N67: VALOR DA HORA | O67: VALOR MENSAL | P67: QUANT. | Q67: VALOR DA HORA | R67: VALOR MENSAL
B68: AGÊNCIA DA PREVIDÊNCIA SOCIAL ASSIS | C68: 0.035 | D68: 3 | E68: =VLOOKUP($C68,'Memória de Cálculo 3'!$B$2:$E$11,2, ) -> 7932.9568 | F68: =D68*E68 -> 23798.87 | G68: 0 | H68: =VLOOKUP($C68,'Memória de Cálculo 3'!$B$2:$E$11,3, ) -> 15892.753 | I68: =G68*H68 -> 0 | J68: 0 | K68: =VLOOKUP($C68,'Memória de Cálculo 3'!$B$2:$E$11,4, ) -> 18110.517 | L68: =J68*K68 -> 0 | M68: 4 | N68: =VLOOKUP($C68,'Memória de Cálculo 3'!$B$2:$G$11,5, ) -> 36.058894 | O68: =M68*N68 -> 144.23558 | Q68: =VLOOKUP($C68,'Memória de Cálculo 3'!$B$2:$G$11,6, ) -> 41.160267 | R68: =P68*Q68 -> 0 | S68: =F68+I68+L68+O68+R68 -> 23943.106
B69: AGÊNCIA DA PREVIDÊNCIA SOCIAL BASTOS | C69: 0.03 | D69: 2 | E69: =VLOOKUP($C69,'Memória de Cálculo 3'!$B$2:$E$11,2, ) -> 7890.4664 | F69: =D69*E69 -> 15780.933 | G69: 0 | H69: =VLOOKUP($C69,'Memória de Cálculo 3'!$B$2:$E$11,3, ) -> 15807.629 | I69: =G69*H69 -> 0 | J69: 0 | K69: =VLOOKUP($C69,'Memória de Cálculo 3'!$B$2:$E$11,4, ) -> 18013.514 | L69: =J69*K69 -> 0 | M69: 4 | N69: =VLOOKUP($C69,'Memória de Cálculo 3'!$B$2:$G$11,5, ) -> 35.865756 | O69: =M69*N69 -> 143.46302 | Q69: =VLOOKUP($C69,'Memória de Cálculo 3'!$B$2:$G$11,6, ) -> 40.939805 | R69: =P69*Q69 -> 0 | S69: =F69+I69+L69+O69+R69 -> 15924.396
B70: AGÊNCIA DA PREVIDÊNCIA SOCIAL CÂNDIDO MOTA | C70: 0.04 | D70: 2 | E70: =VLOOKUP($C70,'Memória de Cálculo 3'!$B$2:$E$11,2, ) -> 7975.9073 | F70: =D70*E70 -> 15951.815 | G70: 0 | H70: =VLOOKUP($C70,'Memória de Cálculo 3'!$B$2:$E$11,3, ) -> 15978.8 | I70: =G70*H70 -> 0 | J70: 0 | K70: =VLOOKUP($C70,'Memória de Cálculo 3'!$B$2:$E$11,4, ) -> 18208.571 | L70: =J70*K70 -> 0 | M70: 4 | N70: =VLOOKUP($C70,'Memória de Cálculo 3'!$B$2:$G$11,5, ) -> 36.254124 | O70: =M70*N70 -> 145.0165 | Q70: =VLOOKUP($C70,'Memória de Cálculo 3'!$B$2:$G$11,6, ) -> 41.383116 | R70: =P70*Q70 -> 0 | S70: =F70+I70+L70+O70+R70 -> 16096.831
B71: AGÊNCIA DA PREVIDÊNCIA SOCIAL GARÇA | C71: 0.05 | D71: 2 | E71: =VLOOKUP($C71,'Memória de Cálculo 3'!$B$2:$E$11,2, ) -> 8063.2188 | F71: =D71*E71 -> 16126.438 | G71: 0 | H71: =VLOOKUP($C71,'Memória de Cálculo 3'!$B$2:$E$11,3, ) -> 16153.718 | I71: =G71*H71 -> 0 | J71: 0 | K71: =VLOOKUP($C71,'Memória de Cálculo 3'!$B$2:$E$11,4, ) -> 18407.899 | L71: =J71*K71 -> 0 | M71: 4 | N71: =VLOOKUP($C71,'Memória de Cálculo 3'!$B$2:$G$11,5, ) -> 36.650994 | O71: =M71*N71 -> 146.60398 | Q71: =VLOOKUP($C71,'Memória de Cálculo 3'!$B$2:$G$11,6, ) -> 41.836133 | R71: =P71*Q71 -> 0 | S71: =F71+I71+L71+O71+R71 -> 16273.042
B72: AGÊNCIA DA PREVIDÊNCIA SOCIAL MARÍLIA | C72: 0.03 | D72: 3 | E72: =VLOOKUP($C72,'Memória de Cálculo 3'!$B$2:$E$11,2, ) -> 7890.4664 | F72: =D72*E72 -> 23671.399 | G72: 0 | H72: =VLOOKUP($C72,'Memória de Cálculo 3'!$B$2:$E$11,3, ) -> 15807.629 | I72: =G72*H72 -> 0 | J72: 2 | K72: =VLOOKUP($C72,'Memória de Cálculo 3'!$B$2:$E$11,4, ) -> 18013.514 | L72: =J72*K72 -> 36027.028 | M72: 4 | N72: =VLOOKUP($C72,'Memória de Cálculo 3'!$B$2:$G$11,5, ) -> 35.865756 | O72: =M72*N72 -> 143.46302 | Q72: =VLOOKUP($C72,'Memória de Cálculo 3'!$B$2:$G$11,6, ) -> 40.939805 | R72: =P72*Q72 -> 0 | S72: =F72+I72+L72+O72+R72 -> 59841.89
B73: AGÊNCIA DA PREVIDÊNCIA SOCIAL OSVALDO CRUZ | C73: 0.03 | D73: 2 | E73: =VLOOKUP($C73,'Memória de Cálculo 3'!$B$2:$E$11,2, ) -> 7890.4664 | F73: =D73*E73 -> 15780.933 | G73: 0 | H73: =VLOOKUP($C73,'Memória de Cálculo 3'!$B$2:$E$11,3, ) -> 15807.629 | I73: =G73*H73 -> 0 | J73: 0 | K73: =VLOOKUP($C73,'Memória de Cálculo 3'!$B$2:$E$11,4, ) -> 18013.514 | L73: =J73*K73 -> 0 | M73: 4 | N73: =VLOOKUP($C73,'Memória de Cálculo 3'!$B$2:$G$11,5, ) -> 35.865756 | O73: =M73*N73 -> 143.46302 | Q73: =VLOOKUP($C73,'Memória de Cálculo 3'!$B$2:$G$11,6, ) -> 40.939805 | R73: =P73*Q73 -> 0 | S73: =F73+I73+L73+O73+R73 -> 15924.396
B74: AGÊNCIA DA PREVIDÊNCIA SOCIAL OURINHOS | C74: 0.03 | D74: 2 | E74: =VLOOKUP($C74,'Memória de Cálculo 3'!$B$2:$E$11,2, ) -> 7890.4664 | F74: =D74*E74 -> 15780.933 | G74: 1 | H74: =VLOOKUP($C74,'Memória de Cálculo 3'!$B$2:$E$11,3, ) -> 15807.629 | I74: =G74*H74 -> 15807.629 | J74: 0 | K74: =VLOOKUP($C74,'Memória de Cálculo 3'!$B$2:$E$11,4, ) -> 18013.514 | L74: =J74*K74 -> 0 | M74: 4 | N74: =VLOOKUP($C74,'Memória de Cálculo 3'!$B$2:$G$11,5, ) -> 35.865756 | O74: =M74*N74 -> 143.46302 | Q74: =VLOOKUP($C74,'Memória de Cálculo 3'!$B$2:$G$11,6, ) -> 40.939805 | R74: =P74*Q74 -> 0 | S74: =F74+I74+L74+O74+R74 -> 31732.024
B75: AGÊNCIA DA PREVIDÊNCIA SOCIAL PALMITAL | C75: 0.05 | D75: 1 | E75: =VLOOKUP($C75,'Memória de Cálculo 3'!$B$2:$E$11,2, ) -> 8063.2188 | F75: =D75*E75 -> 8063.2188 | G75: 0 | H75: =VLOOKUP($C75,'Memória de Cálculo 3'!$B$2:$E$11,3, ) -> 16153.718 | I75: =G75*H75 -> 0 | J75: 0 | K75: =VLOOKUP($C75,'Memória de Cálculo 3'!$B$2:$E$11,4, ) -> 18407.899 | L75: =J75*K75 -> 0 | M75: 4 | N75: =VLOOKUP($C75,'Memória de Cálculo 3'!$B$2:$G$11,5, ) -> 36.650994 | O75: =M75*N75 -> 146.60398 | Q75: =VLOOKUP($C75,'Memória de Cálculo 3'!$B$2:$G$11,6, ) -> 41.836133 | R75: =P75*Q75 -> 0 | S75: =F75+I75+L75+O75+R75 -> 8209.8228
B76: AGÊNCIA DA PREVIDÊNCIA SOCIAL PARAGUAÇU PAULISTA | C76: 0.05 | D76: 1 | E76: =VLOOKUP($C76,'Memória de Cálculo 3'!$B$2:$E$11,2, ) -> 8063.2188 | F76: =D76*E76 -> 8063.2188 | G76: 0 | H76: =VLOOKUP($C76,'Memória de Cálculo 3'!$B$2:$E$11,3, ) -> 16153.718 | I76: =G76*H76 -> 0 | J76: 0 | K76: =VLOOKUP($C76,'Memória de Cálculo 3'!$B$2:$E$11,4, ) -> 18407.899 | L76: =J76*K76 -> 0 | M76: 4 | N76: =VLOOKUP($C76,'Memória de Cálculo 3'!$B$2:$G$11,5, ) -> 36.650994 | O76: =M76*N76 -> 146.60398 | Q76: =VLOOKUP($C76,'Memória de Cálculo 3'!$B$2:$G$11,6, ) -> 41.836133 | R76: =P76*Q76 -> 0 | S76: =F76+I76+L76+O76+R76 -> 8209.8228
B77: AGÊNCIA DA PREVIDÊNCIA SOCIAL PIRAJU | C77: 0.03 | D77: 2 | E77: =VLOOKUP($C77,'Memória de Cálculo 3'!$B$2:$E$11,2, ) -> 7890.4664 | F77: =D77*E77 -> 15780.933 | G77: 0 | H77: =VLOOKUP($C77,'Memória de Cálculo 3'!$B$2:$E$11,3, ) -> 15807.629 | I77: =G77*H77 -> 0 | J77: 0 | K77: =VLOOKUP($C77,'Memória de Cálculo 3'!$B$2:$E$11,4, ) -> 18013.514 | L77: =J77*K77 -> 0 | M77: 4 | N77: =VLOOKUP($C77,'Memória de Cálculo 3'!$B$2:$G$11,5, ) -> 35.865756 | O77: =M77*N77 -> 143.46302 | Q77: =VLOOKUP($C77,'Memória de Cálculo 3'!$B$2:$G$11,6, ) -> 40.939805 | R77: =P77*Q77 -> 0 | S77: =F77+I77+L77+O77+R77 -> 15924.396
B78: AGÊNCIA DA PREVIDÊNCIA SOCIAL SANTA CRUZ DO RIO PARDO | C78: 0.04 | D78: 3 | E78: =VLOOKUP($C78,'Memória de Cálculo 3'!$B$2:$E$11,2, ) -> 7975.9073 | F78: =D78*E78 -> 23927.722 | G78: 0 | H78: =VLOOKUP($C78,'Memória de Cálculo 3'!$B$2:$E$11,3, ) -> 15978.8 | I78: =G78*H78 -> 0 | J78: 0 | K78: =VLOOKUP($C78,'Memória de Cálculo 3'!$B$2:$E$11,4, ) -> 18208.571 | L78: =J78*K78 -> 0 | M78: 4 | N78: =VLOOKUP($C78,'Memória de Cálculo 3'!$B$2:$G$11,5, ) -> 36.254124 | O78: =M78*N78 -> 145.0165 | Q78: =VLOOKUP($C78,'Memória de Cálculo 3'!$B$2:$G$11,6, ) -> 41.383116 | R78: =P78*Q78 -> 0 | S78: =F78+I78+L78+O78+R78 -> 24072.738
B79: AGÊNCIA DA PREVIDÊNCIA SOCIAL TUPÃ | C79: 0.05 | D79: 3 | E79: =VLOOKUP($C79,'Memória de Cálculo 3'!$B$2:$E$11,2, ) -> 8063.2188 | F79: =D79*E79 -> 24189.656 | G79: 0 | H79: =VLOOKUP($C79,'Memória de Cálculo 3'!$B$2:$E$11,3, ) -> 16153.718 | I79: =G79*H79 -> 0 | J79: 0 | K79: =VLOOKUP($C79,'Memória de Cálculo 3'!$B$2:$E$11,4, ) -> 18407.899 | L79: =J79*K79 -> 0 | M79: 4 | N79: =VLOOKUP($C79,'Memória de Cálculo 3'!$B$2:$G$11,5, ) -> 36.650994 | O79: =M79*N79 -> 146.60398 | Q79: =VLOOKUP($C79,'Memória de Cálculo 3'!$B$2:$G$11,6, ) -> 41.836133 | R79: =P79*Q79 -> 0 | S79: =F79+I79+L79+O79+R79 -> 24336.26
B80: GERÊNCIA EXECUTIVA MARÍLIA | C80: 0.03 | D80: 0 | E80: =VLOOKUP($C80,'Memória de Cálculo 3'!$B$2:$E$11,2, ) -> 7890.4664 | F80: =D80*E80 -> 0 | G80: 1 | H80: =VLOOKUP($C80,'Memória de Cálculo 3'!$B$2:$E$11,3, ) -> 15807.629 | I80: =G80*H80 -> 15807.629 | J80: 0 | K80: =VLOOKUP($C80,'Memória de Cálculo 3'!$B$2:$E$11,4, ) -> 18013.514 | L80: =J80*K80 -> 0 | M80: 9 | N80: =VLOOKUP($C80,'Memória de Cálculo 3'!$B$2:$G$11,5, ) -> 35.865756 | O80: =M80*N80 -> 322.79181 | P80: 7 | Q80: =VLOOKUP($C80,'Memória de Cálculo 3'!$B$2:$G$11,6, ) -> 40.939805 | R80: =P80*Q80 -> 286.57863 | S80: =F80+I80+L80+O80+R80 -> 16416.999
B81: VALOR GLOBAL MENSAL | D81: =SUM(D68:D80) -> 26 | F81: =SUM(F68:F80) -> 206916.07 | G81: =SUM(G68:G80) -> 2 | I81: =SUM(I68:I80) -> 31615.257 | J81: =SUM(J68:J80) -> 2 | L81: =SUM(L68:L80) -> 36027.028 | M81: =SUM(M68:M80) -> 57 | O81: =SUM(O68:O80) -> 2060.7914 | P81: =SUM(P68:P80) -> 7 | R81: =SUM(R68:R80) -> 286.57863 | S81: =SUM(S68:S80) -> 276905.72
B82: VALOR GLOBAL | S82: =S81*36 -> 9968606.1
B84: GERÊNCIA EXECUTIVA PRESIDENTE PRUDENTE
B85: UNIDADES | C85: ISS% | D85: 44 HORAS | G85: 12 x 36 DIURNO | J85: 12 x 36 NOTURNO | M85: HORA EVENTUAL DIURNA | P85: HORA EVENTUAL NOTURNA | S85: VALOR MENSAL
D86: QUANT. | E86: VALOR UNIT. MENSAL | F86: VALOR MENSAL | G86: QUANT. | H86: VALOR UNIT. MENSAL | I86: VALOR MENSAL | J86: QUANT. | K86: VALOR UNIT. MENSAL | L86: VALOR MENSAL | M86: QUANT. | N86: VALOR DA HORA | O86: VALOR MENSAL | P86: QUANT. | Q86: VALOR DA HORA | R86: VALOR MENSAL
B87: AGÊNCIA DA PREVIDÊNCIA SOCIAL ADAMANTINA | C87: 0.04 | D87: 2 | E87: =VLOOKUP($C87,'Memória de Cálculo 3'!$B$2:$E$11,2, ) -> 7975.9073 | F87: =D87*E87 -> 15951.815 | G87: 0 | H87: =VLOOKUP($C87,'Memória de Cálculo 3'!$B$2:$E$11,3, ) -> 15978.8 | I87: =G87*H87 -> 0 | J87: 0 | K87: =VLOOKUP($C87,'Memória de Cálculo 3'!$B$2:$E$11,4, ) -> 18208.571 | L87: =J87*K87 -> 0 | M87: 4 | N87: =VLOOKUP($C87,'Memória de Cálculo 3'!$B$2:$G$11,5, ) -> 36.254124 | O87: =M87*N87 -> 145.0165 | Q87: =VLOOKUP($C87,'Memória de Cálculo 3'!$B$2:$G$11,6, ) -> 41.383116 | R87: =P87*Q87 -> 0 | S87: =F87+I87+L87+O87+R87 -> 16096.831
B88: AGÊNCIA DA PREVIDÊNCIA SOCIAL ÁLVARES MACHADO | C88: 0.05 | D88: 2 | E88: =VLOOKUP($C88,'Memória de Cálculo 3'!$B$2:$E$11,2, ) -> 8063.2188 | F88: =D88*E88 -> 16126.438 | G88: 0 | H88: =VLOOKUP($C88,'Memória de Cálculo 3'!$B$2:$E$11,3, ) -> 16153.718 | I88: =G88*H88 -> 0 | J88: 0 | K88: =VLOOKUP($C88,'Memória de Cálculo 3'!$B$2:$E$11,4, ) -> 18407.899 | L88: =J88*K88 -> 0 | M88: 4 | N88: =VLOOKUP($C88,'Memória de Cálculo 3'!$B$2:$G$11,5, ) -> 36.650994 | O88: =M88*N88 -> 146.60398 | Q88: =VLOOKUP($C88,'Memória de Cálculo 3'!$B$2:$G$11,6, ) -> 41.836133 | R88: =P88*Q88 -> 0 | S88: =F88+I88+L88+O88+R88 -> 16273.042
B89: AGÊNCIA DA PREVIDÊNCIA SOCIAL DRACENA | C89: 0.05 | D89: 1 | E89: =VLOOKUP($C89,'Memória de Cálculo 3'!$B$2:$E$11,2, ) -> 8063.2188 | F89: =D89*E89 -> 8063.2188 | G89: 1 | H89: =VLOOKUP($C89,'Memória de Cálculo 3'!$B$2:$E$11,3, ) -> 16153.718 | I89: =G89*H89 -> 16153.718 | J89: 0 | K89: =VLOOKUP($C89,'Memória de Cálculo 3'!$B$2:$E$11,4, ) -> 18407.899 | L89: =J89*K89 -> 0 | M89: 4 | N89: =VLOOKUP($C89,'Memória de Cálculo 3'!$B$2:$G$11,5, ) -> 36.650994 | O89: =M89*N89 -> 146.60398 | Q89: =VLOOKUP($C89,'Memória de Cálculo 3'!$B$2:$G$11,6, ) -> 41.836133 | R89: =P89*Q89 -> 0 | S89: =F89+I89+L89+O89+R89 -> 24363.541
B90: AGÊNCIA DA PREVIDÊNCIA SOCIAL MARTINOPÓLIS | C90: 0.02 | D90: 2 | E90: =VLOOKUP($C90,'Memória de Cálculo 3'!$B$2:$E$11,2, ) -> 7806.8366 | F90: =D90*E90 -> 15613.673 | G90: 0 | H90: =VLOOKUP($C90,'Memória de Cálculo 3'!$B$2:$E$11,3, ) -> 15640.086 | I90: =G90*H90 -> 0 | J90: 0 | K90: =VLOOKUP($C90,'Memória de Cálculo 3'!$B$2:$E$11,4, ) -> 17822.592 | L90: =J90*K90 -> 0 | M90: 4 | N90: =VLOOKUP($C90,'Memória de Cálculo 3'!$B$2:$G$11,5, ) -> 35.485621 | O90: =M90*N90 -> 141.94248 | Q90: =VLOOKUP($C90,'Memória de Cálculo 3'!$B$2:$G$11,6, ) -> 40.50589 | R90: =P90*Q90 -> 0 | S90: =F90+I90+L90+O90+R90 -> 15755.616
B91: AGÊNCIA DA PREVIDÊNCIA SOCIAL PRESIDENTE EPITÁCIO | C91: 0.05 | D91: 2 | E91: =VLOOKUP($C91,'Memória de Cálculo 3'!$B$2:$E$11,2, ) -> 8063.2188 | F91: =D91*E91 -> 16126.438 | G91: 0 | H91: =VLOOKUP($C91,'Memória de Cálculo 3'!$B$2:$E$11,3, ) -> 16153.718 | I91: =G91*H91 -> 0 | J91: 0 | K91: =VLOOKUP($C91,'Memória de Cálculo 3'!$B$2:$E$11,4, ) -> 18407.899 | L91: =J91*K91 -> 0 | M91: 4 | N91: =VLOOKUP($C91,'Memória de Cálculo 3'!$B$2:$G$11,5, ) -> 36.650994 | O91: =M91*N91 -> 146.60398 | Q91: =VLOOKUP($C91,'Memória de Cálculo 3'!$B$2:$G$11,6, ) -> 41.836133 | R91: =P91*Q91 -> 0 | S91: =F91+I91+L91+O91+R91 -> 16273.042
B92: AGÊNCIA DA PREVIDÊNCIA SOCIAL PRESIDENTE PRUDENTE | C92: 0.05 | D92: 3 | E92: =VLOOKUP($C92,'Memória de Cálculo 3'!$B$2:$E$11,2, ) -> 8063.2188 | F92: =D92*E92 -> 24189.656 | G92: 1 | H92: =VLOOKUP($C92,'Memória de Cálculo 3'!$B$2:$E$11,3, ) -> 16153.718 | I92: =G92*H92 -> 16153.718 | J92: 0 | K92: =VLOOKUP($C92,'Memória de Cálculo 3'!$B$2:$E$11,4, ) -> 18407.899 | L92: =J92*K92 -> 0 | M92: 4 | N92: =VLOOKUP($C92,'Memória de Cálculo 3'!$B$2:$G$11,5, ) -> 36.650994 | O92: =M92*N92 -> 146.60398 | Q92: =VLOOKUP($C92,'Memória de Cálculo 3'!$B$2:$G$11,6, ) -> 41.836133 | R92: =P92*Q92 -> 0 | S92: =F92+I92+L92+O92+R92 -> 40489.978
B93: AGÊNCIA DA PREVIDÊNCIA SOCIAL PRESIDENTE VENCESLAU | C93: 0.05 | D93: 2 | E93: =VLOOKUP($C93,'Memória de Cálculo 3'!$B$2:$E$11,2, ) -> 8063.2188 | F93: =D93*E93 -> 16126.438 | G93: 0 | H93: =VLOOKUP($C93,'Memória de Cálculo 3'!$B$2:$E$11,3, ) -> 16153.718 | I93: =G93*H93 -> 0 | J93: 0 | K93: =VLOOKUP($C93,'Memória de Cálculo 3'!$B$2:$E$11,4, ) -> 18407.899 | L93: =J93*K93 -> 0 | M93: 4 | N93: =VLOOKUP($C93,'Memória de Cálculo 3'!$B$2:$G$11,5, ) -> 36.650994 | O93: =M93*N93 -> 146.60398 | Q93: =VLOOKUP($C93,'Memória de Cálculo 3'!$B$2:$G$11,6, ) -> 41.836133 | R93: =P93*Q93 -> 0 | S93: =F93+I93+L93+O93+R93 -> 16273.042
B94: AGÊNCIA DA PREVIDÊNCIA SOCIAL RANCHARIA | C94: 0.03 | D94: 2 | E94: =VLOOKUP($C94,'Memória de Cálculo 3'!$B$2:$E$11,2, ) -> 7890.4664 | F94: =D94*E94 -> 15780.933 | G94: 0 | H94: =VLOOKUP($C94,'Memória de Cálculo 3'!$B$2:$E$11,3, ) -> 15807.629 | I94: =G94*H94 -> 0 | J94: 0 | K94: =VLOOKUP($C94,'Memória de Cálculo 3'!$B$2:$E$11,4, ) -> 18013.514 | L94: =J94*K94 -> 0 | M94: 4 | N94: =VLOOKUP($C94,'Memória de Cálculo 3'!$B$2:$G$11,5, ) -> 35.865756 | O94: =M94*N94 -> 143.46302 | Q94: =VLOOKUP($C94,'Memória de Cálculo 3'!$B$2:$G$11,6, ) -> 40.939805 | R94: =P94*Q94 -> 0 | S94: =F94+I94+L94+O94+R94 -> 15924.396
B95: AGÊNCIA DA PREVIDÊNCIA SOCIAL ROSANA | C95: 0.05 | D95: 2 | E95: =VLOOKUP($C95,'Memória de Cálculo 3'!$B$2:$E$11,2, ) -> 8063.2188 | F95: =D95*E95 -> 16126.438 | G95: 0 | H95: =VLOOKUP($C95,'Memória de Cálculo 3'!$B$2:$E$11,3, ) -> 16153.718 | I95: =G95*H95 -> 0 | J95: 0 | K95: =VLOOKUP($C95,'Memória de Cálculo 3'!$B$2:$E$11,4, ) -> 18407.899 | L95: =J95*K95 -> 0 | M95: 4 | N95: =VLOOKUP($C95,'Memória de Cálculo 3'!$B$2:$G$11,5, ) -> 36.650994 | O95: =M95*N95 -> 146.60398 | Q95: =VLOOKUP($C95,'Memória de Cálculo 3'!$B$2:$G$11,6, ) -> 41.836133 | R95: =P95*Q95 -> 0 | S95: =F95+I95+L95+O95+R95 -> 16273.042
B96: AGÊNCIA DA PREVIDÊNCIA SOCIAL SANTO ANASTÁCIO | C96: 0.03 | D96: 2 | E96: =VLOOKUP($C96,'Memória de Cálculo 3'!$B$2:$E$11,2, ) -> 7890.4664 | F96: =D96*E96 -> 15780.933 | G96: 0 | H96: =VLOOKUP($C96,'Memória de Cálculo 3'!$B$2:$E$11,3, ) -> 15807.629 | I96: =G96*H96 -> 0 | J96: 0 | K96: =VLOOKUP($C96,'Memória de Cálculo 3'!$B$2:$E$11,4, ) -> 18013.514 | L96: =J96*K96 -> 0 | M96: 4 | N96: =VLOOKUP($C96,'Memória de Cálculo 3'!$B$2:$G$11,5, ) -> 35.865756 | O96: =M96*N96 -> 143.46302 | Q96: =VLOOKUP($C96,'Memória de Cálculo 3'!$B$2:$G$11,6, ) -> 40.939805 | R96: =P96*Q96 -> 0 | S96: =F96+I96+L96+O96+R96 -> 15924.396
B97: AGÊNCIA DA PREVIDÊNCIA SOCIAL TEODORO SAMPAIO | C97: 0.05 | D97: 2 | E97: =VLOOKUP($C97,'Memória de Cálculo 3'!$B$2:$E$11,2, ) -> 8063.2188 | F97: =D97*E97 -> 16126.438 | G97: 0 | H97: =VLOOKUP($C97,'Memória de Cálculo 3'!$B$2:$E$11,3, ) -> 16153.718 | I97: =G97*H97 -> 0 | J97: 0 | K97: =VLOOKUP($C97,'Memória de Cálculo 3'!$B$2:$E$11,4, ) -> 18407.899 | L97: =J97*K97 -> 0 | M97: 4 | N97: =VLOOKUP($C97,'Memória de Cálculo 3'!$B$2:$G$11,5, ) -> 36.650994 | O97: =M97*N97 -> 146.60398 | Q97: =VLOOKUP($C97,'Memória de Cálculo 3'!$B$2:$G$11,6, ) -> 41.836133 | R97: =P97*Q97 -> 0 | S97: =F97+I97+L97+O97+R97 -> 16273.042
B98: GERÊNCIA EXECUTIVA PRESIDENTE PRUDENTE | C98: 0.05 | D98: 0 | E98: =VLOOKUP($C98,'Memória de Cálculo 3'!$B$2:$E$11,2, ) -> 8063.2188 | F98: =D98*E98 -> 0 | G98: 1 | H98: =VLOOKUP($C98,'Memória de Cálculo 3'!$B$2:$E$11,3, ) -> 16153.718 | I98: =G98*H98 -> 16153.718 | J98: 1 | K98: =VLOOKUP($C98,'Memória de Cálculo 3'!$B$2:$E$11,4, ) -> 18407.899 | L98: =J98*K98 -> 18407.899 | M98: 9 | N98: =VLOOKUP($C98,'Memória de Cálculo 3'!$B$2:$G$11,5, ) -> 36.650994 | O98: =M98*N98 -> 329.85895 | P98: 7 | Q98: =VLOOKUP($C98,'Memória de Cálculo 3'!$B$2:$G$11,6, ) -> 41.836133 | R98: =P98*Q98 -> 292.85293 | S98: =F98+I98+L98+O98+R98 -> 35184.329
B99: VALOR GLOBAL MENSAL | D99: =SUM(D87:D98) -> 22 | F99: =SUM(F87:F98) -> 176012.42 | G99: =SUM(G87:G98) -> 3 | I99: =SUM(I87:I98) -> 48461.154 | J99: =SUM(J87:J98) -> 1 | L99: =SUM(L87:L98) -> 18407.899 | M99: =SUM(M87:M98) -> 53 | O99: =SUM(O87:O98) -> 1929.9718 | P99: =SUM(P87:P98) -> 7 | R99: =SUM(R87:R98) -> 292.85293 | S99: =SUM(S87:S98) -> 245104.29
B100: VALOR GLOBAL | S100: =S99*36 -> 8823754.6
B102: GERÊNCIA EXECUTIVA SOROCABA
B103: UNIDADES | C103: ISS% | D103: 44 HORAS | G103: 12 x 36 DIURNO | J103: 12 x 36 NOTURNO | M103: HORA EVENTUAL DIURNA | P103: HORA EVENTUAL NOTURNA | S103: VALOR MENSAL
D104: QUANT. | E104: VALOR UNIT. MENSAL | F104: VALOR MENSAL | G104: QUANT. | H104: VALOR UNIT. MENSAL | I104: VALOR MENSAL | J104: QUANT. | K104: VALOR UNIT. MENSAL | L104: VALOR MENSAL | M104: QUANT. | N104: VALOR DA HORA | O104: VALOR MENSAL | P104: QUANT. | Q104: VALOR DA HORA | R104: VALOR MENSAL
B105: AGÊNCIA DA PREVIDÊNCIA SOCIAL APIAÍ | C105: 0.035 | D105: 2 | E105: =VLOOKUP($C105,'Memória de Cálculo 3'!$B$2:$E$11,2, ) -> 7932.9568 | F105: =D105*E105 -> 15865.914 | G105: 0 | H105: =VLOOKUP($C105,'Memória de Cálculo 3'!$B$2:$E$11,3, ) -> 15892.753 | I105: =G105*H105 -> 0 | J105: 0 | K105: =VLOOKUP($C105,'Memória de Cálculo 3'!$B$2:$E$11,4, ) -> 18110.517 | L105: =J105*K105 -> 0 | M105: 4 | N105: =VLOOKUP($C105,'Memória de Cálculo 3'!$B$2:$G$11,5, ) -> 36.058894 | O105: =M105*N105 -> 144.23558 | Q105: =VLOOKUP($C105,'Memória de Cálculo 3'!$B$2:$G$11,6, ) -> 41.160267 | R105: =P105*Q105 -> 0 | S105: =F105+I105+L105+O105+R105 -> 16010.149
B106: AGÊNCIA DA PREVIDÊNCIA SOCIAL BOITUVA | C106: 0.02 | D106: 2 | E106: =VLOOKUP($C106,'Memória de Cálculo 3'!$B$2:$E$11,2, ) -> 7806.8366 | F106: =D106*E106 -> 15613.673 | G106: 0 | H106: =VLOOKUP($C106,'Memória de Cálculo 3'!$B$2:$E$11,3, ) -> 15640.086 | I106: =G106*H106 -> 0 | J106: 0 | K106: =VLOOKUP($C106,'Memória de Cálculo 3'!$B$2:$E$11,4, ) -> 17822.592 | L106: =J106*K106 -> 0 | M106: 4 | N106: =VLOOKUP($C106,'Memória de Cálculo 3'!$B$2:$G$11,5, ) -> 35.485621 | O106: =M106*N106 -> 141.94248 | Q106: =VLOOKUP($C106,'Memória de Cálculo 3'!$B$2:$G$11,6, ) -> 40.50589 | R106: =P106*Q106 -> 0 | S106: =F106+I106+L106+O106+R106 -> 15755.616
B107: AGÊNCIA DA PREVIDÊNCIA SOCIAL CABREÚVA | C107: 0.03 | D107: 2 | E107: =VLOOKUP($C107,'Memória de Cálculo 3'!$B$2:$E$11,2, ) -> 7890.4664 | F107: =D107*E107 -> 15780.933 | G107: 0 | H107: =VLOOKUP($C107,'Memória de Cálculo 3'!$B$2:$E$11,3, ) -> 15807.629 | I107: =G107*H107 -> 0 | J107: 0 | K107: =VLOOKUP($C107,'Memória de Cálculo 3'!$B$2:$E$11,4, ) -> 18013.514 | L107: =J107*K107 -> 0 | M107: 4 | N107: =VLOOKUP($C107,'Memória de Cálculo 3'!$B$2:$G$11,5, ) -> 35.865756 | O107: =M107*N107 -> 143.46302 | Q107: =VLOOKUP($C107,'Memória de Cálculo 3'!$B$2:$G$11,6, ) -> 40.939805 | R107: =P107*Q107 -> 0 | S107: =F107+I107+L107+O107+R107 -> 15924.396
B108: AGÊNCIA DA PREVIDÊNCIA SOCIAL CAPÃO BONITO | C108: 0.035 | D108: 2 | E108: =VLOOKUP($C108,'Memória de Cálculo 3'!$B$2:$E$11,2, ) -> 7932.9568 | F108: =D108*E108 -> 15865.914 | G108: 0 | H108: =VLOOKUP($C108,'Memória de Cálculo 3'!$B$2:$E$11,3, ) -> 15892.753 | I108: =G108*H108 -> 0 | J108: 0 | K108: =VLOOKUP($C108,'Memória de Cálculo 3'!$B$2:$E$11,4, ) -> 18110.517 | L108: =J108*K108 -> 0 | M108: 4 | N108: =VLOOKUP($C108,'Memória de Cálculo 3'!$B$2:$G$11,5, ) -> 36.058894 | O108: =M108*N108 -> 144.23558 | Q108: =VLOOKUP($C108,'Memória de Cálculo 3'!$B$2:$G$11,6, ) -> 41.160267 | R108: =P108*Q108 -> 0 | S108: =F108+I108+L108+O108+R108 -> 16010.149
B109: AGÊNCIA DA PREVIDÊNCIA SOCIAL GUAPIARA | C109: 0.05 | D109: 2 | E109: =VLOOKUP($C109,'Memória de Cálculo 3'!$B$2:$E$11,2, ) -> 8063.2188 | F109: =D109*E109 -> 16126.438 | G109: 0 | H109: =VLOOKUP($C109,'Memória de Cálculo 3'!$B$2:$E$11,3, ) -> 16153.718 | I109: =G109*H109 -> 0 | J109: 0 | K109: =VLOOKUP($C109,'Memória de Cálculo 3'!$B$2:$E$11,4, ) -> 18407.899 | L109: =J109*K109 -> 0 | M109: 4 | N109: =VLOOKUP($C109,'Memória de Cálculo 3'!$B$2:$G$11,5, ) -> 36.650994 | O109: =M109*N109 -> 146.60398 | Q109: =VLOOKUP($C109,'Memória de Cálculo 3'!$B$2:$G$11,6, ) -> 41.836133 | R109: =P109*Q109 -> 0 | S109: =F109+I109+L109+O109+R109 -> 16273.042
...

Sheet Planilha de Custos
A1: PLANILHA ESTIMATIVA
A2: Planilha Estimativa de Custos e Formação de Preços para Serviços de Vigilância
B4: Salário Normativo da Categoria: | C4: 2271.74
B5: Data base da Categoria: | C5: 46023
B6: Convenção Coletiva: | C6: SP000195/2026
B7: CBO/MTE: | C7: 5173-30
A9: CUSTOS | B9: Percentuais e Valores de Referência | C9: 44 horas semanais diurnas | D9: 12 x 36 diurnas | E9: 12 x 36 noturnas
A10: MÓDULO 1: COMPOSIÇÃO DA REMUNERAÇÃO
A11: 1 - Composição da Remuneração | B11: Valores/Percentuais | C11: Valor (R$) | D11: Valor (R$) | E11: Valor (R$)
A12: A - Salário-Base | B12: =C4 -> 2271.74 | C12: =$B12 -> 2271.74 | D12: =$B12*2 -> 4543.48 | E12: =$B12*2 -> 4543.48
A13: B - Adicional de Periculosidade | B13: 0.3 | C13: =C12*$B13 -> 681.522 | D13: =D12*$B13 -> 1363.044 | E13: =E12*$B13 -> 1363.044
A14: C - Adicional de Insalubridade
A15: D - Adicional Noturno | B15: 0.2 | E15: =(E12+E13)/220*(7*15)*B15 -> 563.80456
A16: E - Adicional de Hora Noturna Reduzida | E16: =((E12+E13)/2/220)*(1+B15)*15*2 -> 483.26105
A17: F - Adicional de Hora-Extra
A18: G - Outros (especificar)
A19: Total | C19: =SUM(C12:C18) -> 2953.262 | D19: =SUM(D12:D18) -> 5906.524 | E19: =SUM(E12:E18) -> 6953.5896
A21: MÓDULO 2: ENCARGOS E BENEFÍCIOS ANUAIS, MENSAIS E DIÁRIOS
A22: 2.1 - 13º Salário, Férias e Adicional de Férias | B22: Percentuais | C22: Valor (R$) | D22: Valor (R$) | E22: Valor (R$)
A23: A - 13º salário | B23: =1/12 -> 0.083333333 | C23: =C19*$B23 -> 246.10517 | D23: =D19*$B23 -> 492.21033 | E23: =E19*$B23 -> 579.4658
A24: B - Férias e Adicional de Férias | B24: =(1/3)*(1/12) -> 0.027777778 | C24: =C19*$B24 -> 82.035056 | D24: =D19*$B24 -> 164.07011 | E24: =E19*$B24 -> 193.15527
A25: Total | B25: =SUM(B23:B24) -> 0.11111111 | C25: =SUM(C23:C24) -> 328.14022 | D25: =SUM(D23:D24) -> 656.28044 | E25: =SUM(E23:E24) -> 772.62107
A26: 2.2 - GPS, FGTS e outras contribuições (Incide sobre os Módulos 1 e 2.1) | B26: Percentuais | C26: Valor (R$) | D26: Valor (R$) | E26: Valor (R$)
A27: A - INSS | B27: 0.2 | C27: =(C$19+C$25)*$B27 -> 656.28044 | D27: =(D$19+D$25)*$B27 -> 1312.5609 | E27: =(E$19+E$25)*$B27 -> 1545.2421
A28: B - Salário Educação | B28: 0.025 | C28: =(C$19+C$25)*$B28 -> 82.035056 | D28: =(D$19+D$25)*$B28 -> 164.07011 | E28: =(E$19+E$25)*$B28 -> 193.15527
A29: C - SAT | B29: 0.03 | C29: =(C$19+C$25)*$B29 -> 98.442067 | D29: =(D$19+D$25)*$B29 -> 196.88413 | E29: =(E$19+E$25)*$B29 -> 231.78632
A30: D - SESI ou SESC | B30: 0.015 | C30: =(C$19+C$25)*$B30 -> 49.221033 | D30: =(D$19+D$25)*$B30 -> 98.442067 | E30: =(E$19+E$25)*$B30 -> 115.89316
A31: E - SENAI ou SENAC | B31: 0.01 | C31: =(C$19+C$25)*$B31 -> 32.814022 | D31: =(D$19+D$25)*$B31 -> 65.628044 | E31: =(E$19+E$25)*$B31 -> 77.262107
A32: F - SEBRAE | B32: 0.006 | C32: =(C$19+C$25)*$B32 -> 19.688413 | D32: =(D$19+D$25)*$B32 -> 39.376827 | E32: =(E$19+E$25)*$B32 -> 46.357264
A33: G - INCRA | B33: 0.002 | C33: =(C$19+C$25)*$B33 -> 6.5628044 | D33: =(D$19+D$25)*$B33 -> 13.125609 | E33: =(E$19+E$25)*$B33 -> 15.452421
A34: F - FGTS | B34: 0.08 | C34: =(C$19+C$25)*$B34 -> 262.51218 | D34: =(D$19+D$25)*$B34 -> 525.02436 | E34: =(E$19+E$25)*$B34 -> 618.09685
A35: Total | B35: =SUM(B27:B34) -> 0.368 | C35: =SUM(C27:C34) -> 1207.556 | D35: =SUM(D27:D34) -> 2415.112 | E35: =SUM(E27:E34) -> 2843.2455
A36: 2.3 - Benefícios Mensais e Diários | C36: Valor (R$) | D36: Valor (R$) | E36: Valor (R$)
A37: A - Transporte | B37: =' Memória de Cálculo 1'!E7 -> 4.61 | C37: =' Memória de Cálculo 1'!$F$14 -> 66.5356 | D37: =' Memória de Cálculo 1'!$F$10 -> 3.9912 | E37: =' Memória de Cálculo 1'!$F$10 -> 3.9912
A38: B - Auxílio-Refeição/Alimentação | B38: =' Memória de Cálculo 1'!D17 -> 42 | C38: =' Memória de Cálculo 1'!$F$22 -> 757.68 | D38: =' Memória de Cálculo 1'!$F$18 -> 1033.2 | E38: =' Memória de Cálculo 1'!$F$18 -> 1033.2
A39: C - Assistência Médica e Familiar ou Cesta Básica Suplementar | B39: 208.45 | C39: =$B39-($B39*5%) -> 198.0275 | D39: =($B39-($B39*5%))*2 -> 396.055 | E39: =($B39-($B39*5%))*2 -> 396.055
A40: D – Auxílio Funeral | B40: =' Memória de Cálculo 1'!D60 -> 0.72317057 | C40: =$B40 -> 0.72317057 | D40: =$B40*2 -> 1.4463411 | E40: =$B40*2 -> 1.4463411
A41: E – Seguro de Vida | B41: =' Memória de Cálculo 1'!D29 -> 14.589114 | C41: =$B41 -> 14.589114 | D41: =$B41*2 -> 29.178229 | E41: =$B41*2 -> 29.178229
A42: F – Reembolso-creche | B42: =' Memória de Cálculo 1'!D66 -> 105.328 | C42: =$B42 -> 105.328 | D42: =$B42*2 -> 210.656 | E42: =$B42*2 -> 210.656
A43: G – Outros | B43: 0 | C43: =$B43 -> 0 | D43: =$B43*2 -> 0 | E43: =$B43*2 -> 0
A44: Total | C44: =SUM(C37:C43) -> 1142.8834 | D44: =SUM(D37:D43) -> 1674.5268 | E44: =SUM(E37:E43) -> 1674.5268
A45: 2 - Encargos e Benefícios Anuais, Mensais e Diários | C45: Valor (R$) | D45: Valor (R$) | E45: Valor (R$)
A46: 2.1 - 13º Salário, Férias e Adicional de Férias | C46: =C25 -> 328.14022 | D46: =D25 -> 656.28044 | E46: =E25 -> 772.62107
A47: 2.2 - GPS, FGTS e outras contribuições | C47: =C35 -> 1207.556 | D47: =D35 -> 2415.112 | E47: =E35 -> 2843.2455
A48: 2.3 - Benefícios Mensais e Diários | C48: =C44 -> 1142.8834 | D48: =D44 -> 1674.5268 | E48: =E44 -> 1674.5268
A49: Total | C49: =SUM(C46:C48) -> 2678.5796 | D49: =SUM(D46:D48) -> 4745.9192 | E49: =SUM(E46:E48) -> 5290.3934
A51: MÓDULO 3: PROVISÃO PARA RESCISÃO
A52: 3 - Provisão para Rescisão | C52: Valor (R$) | D52: Valor (R$) | E52: Valor (R$)
A53: A - Aviso Prévio Indenizado | B53: =1/12*5% -> 0.0041666667 | C53: =C$19*$B53 -> 12.305258 | D53: =D$19*$B53 -> 24.610517 | E53: =E$19*$B53 -> 28.97329
A54: B - Incidência do FGTS sobre Aviso Prévio Indenizado | B54: =B34*B53 -> 0.00033333333 | C54: =C$19*$B54 -> 0.98442067 | D54: =D$19*$B54 -> 1.9688413 | E54: =E$19*$B54 -> 2.3178632
A55: C - Multa do FGTS e Contribuições Sociais sobre o Aviso Prévio Indenizado | B55: 0 | C55: =C$19*$B55 -> 0 | D55: =D$19*$B55 -> 0 | E55: =E$19*$B55 -> 0
A56: D - Aviso Prévio Trabalhado | B56: =1/30*7/12 -> 0.019444444 | C56: =C$19*$B56 -> 57.424539 | D56: =D$19*$B56 -> 114.84908 | E56: =E$19*$B56 -> 135.20869
A57: E - Incidência do GPS, FGTS e outras contribuições sobre o Aviso PrévioTrabalhado | B57: =B56*B35 -> 0.0071555556 | C57: =C$19*$B57 -> 21.13223 | D57: =D$19*$B57 -> 42.264461 | E57: =E$19*$B57 -> 49.756797
A58: F - Multa do FGTS e contribuição social nas rescisões sem justa causa | B58: =B34*40%*90%*(1+1/12+1/12+1/3*1/12) -> 0.0344 | C58: =C$19*$B58 -> 101.59221 | D58: =D$19*$B58 -> 203.18443 | E58: =E$19*$B58 -> 239.20348
A59: Total | B59: =SUM(B53:B58) -> 0.0655 | C59: =SUM(C53:C58) -> 193.43866 | D59: =SUM(D53:D58) -> 386.87732 | E59: =SUM(E53:E58) -> 455.46012
A61: MÓDULO 4: CUSTO DE REPOSIÇÃO DO PROFISSIONAL AUSENTE
A62: 4.1 - Substituto nas Ausências Legais | C62: Valor (R$) | D62: Valor (R$) | E62: Valor (R$)
A63: A - Substituto na cobertura de Férias | B63: =1/12 -> 0.083333333 | C63: =(C$19+C$49-(C$37+C38+C42)+C$59)*$B63 -> 407.97806 | D63: =(D$19+D$49-(D$37+D38+D42)+D$59)*$B63 -> 815.95611 | E63: =(E$19+E$49-(E$37+E38+E42)+E$59)*$B63 -> 954.29966
A64: B - Substituto na cobertura de Ausências Legais | B64: =(' Memória de Cálculo 1'!D33/30/12) -> 0.0082222222 | C64: =(C$19+C$49-(C$37+C38+C42)+C$59)*$B64 -> 40.253835 | D64: =(D$19+D$49-(D$37+D38+D42)+D$59)*$B64 -> 80.50767 | E64: =(E$19+E$49-(E$37+E38+E42)+E$59)*$B64 -> 94.157566
A65: C - Substituto na cobertura de Licença-Paternidade | B65: =(' Memória de Cálculo 1'!E39/30/12)*' Memória de Cálculo 1'!E38*' Memória de Cálculo 1'!E37 -> 0.00057298883 | C65: =(C$19+C$49-(C$37+C38+C42)+C$59)*$B65 -> 2.8052025 | D65: =(D$19+D$49-(D$37+D38+D42)+D$59)*$B65 -> 5.6104049 | E65: =(E$19+E$49-(E$37+E38+E42)+E$59)*$B65 -> 6.5616366
A66: D - Substituto na cobertura de Ausências por Acidente de Trabalho | B66: =' Memória de Cálculo 1'!E43*(15/30/12) -> 0.0027125 | C66: =(C$19+C$49-(C$37+C38+C42)+C$59)*$B66 -> 13.279686 | D66: =(D$19+D$49-(D$37+D38+D42)+D$59)*$B66 -> 26.559372 | E66: =(E$19+E$49-(E$37+E38+E42)+E$59)*$B66 -> 31.062454
A67: E - Substituto na cobertura de Afastamento Maternidade | B67: =((180/30)/12)*' Memória de Cálculo 1'!E37*' Memória de Cálculo 1'!E53*B34 -> 0.00010384804 | C67: =(C$19+C$49-(C$37+C38+C42)+C$59)*$B67 -> 0.50841266 | D67: =(D$19+D$49-(D$37+D38+D42)+D$59)*$B67 -> 1.0168253 | E67: =(E$19+E$49-(E$37+E38+E42)+E$59)*$B67 -> 1.1892258
A68: F - Outros
A69: Total | B69: =SUM(B63:B68) -> 0.094944892 | C69: =SUM(C63:C68) -> 464.82519 | D69: =SUM(D63:D68) -> 929.65039 | E69: =SUM(E63:E68) -> 1087.2705
A70: 4.2 - Substituto na Intrajornada | C70: Valor (R$) | D70: Valor (R$) | E70: Valor (R$)
A71: A - Substituto na Cobertura de Intervalo para Repouso ou Alimentação | B71: 0
A72: Total | B72: =SUM(B71) -> 0 | C72: =SUM(C71) -> 0 | D72: =SUM(D71) -> 0 | E72: =SUM(E71) -> 0
A73: 4.3 - Intrajornada Indenizada | C73: Valor (R$) | D73: Valor (R$) | E73: Valor (R$)
A74: A - Intrajornada Indenizada | B74: 0 | C74: 0 | D74: =((D12+D13)/2/220)*15*1.6*2 -> 644.34807 | E74: =((E12+E13)/2/220)*15*1.6*2 -> 644.34807
A75: Total | B75: =SUM(B74) -> 0 | C75: =SUM(C74) -> 0 | D75: =SUM(D74) -> 644.34807 | E75: =SUM(E74) -> 644.34807
A76: 4 - Custo de Reposição do Profissional Ausente | C76: Valor (R$) | D76: Valor (R$) | E76: Valor (R$)
A77: 4.1 - Substituto nas Ausências Legais | B77: =B69 -> 0.094944892 | C77: =C69 -> 464.82519 | D77: =D69 -> 929.65039 | E77: =E69 -> 1087.2705
A78: 4.2 - Substituto na Intrajornada | B78: =B71 -> 0 | C78: =C72 -> 0 | D78: =D72 -> 0 | E78: =E72 -> 0
A79: 4.3 - Intrajornada Indenizada | B79: =B75 -> 0 | C79: =C75 -> 0 | D79: =D75 -> 644.34807 | E79: =E75 -> 644.34807
A80: Total | B80: =SUM(B77:B79) -> 0.094944892 | C80: =SUM(C77:C79) -> 464.82519 | D80: =SUM(D77:D79) -> 1573.9985 | E80: =SUM(E77:E79) -> 1731.6186
A82: MÓDULO 5: INSUMOS DIVERSOS
A83: 5 - Insumos Diversos | C83: Valor (R$) | D83: Valor (R$) | E83: Valor (R$)
A84: A - Uniformes | C84: ='Memória de Cálculo 2 (Insumos)'!G16 -> 205.79778 | D84: ='Memória de Cálculo 2 (Insumos)'!G16*2 -> 411.59556 | E84: ='Memória de Cálculo 2 (Insumos)'!G16*2 -> 411.59556
A85: B - Materiais
A86: C - Equipamentos | C86: ='Memória de Cálculo 2 (Insumos)'!F24 -> 11.0928 | D86: ='Memória de Cálculo 2 (Insumos)'!F24 -> 11.0928 | E86: ='Memória de Cálculo 2 (Insumos)'!F26 -> 12.4678
A87: D - Outros (especificar) | C87: 0 | D87: 0 | E87: 0
A88: Total | C88: =SUM(C84:C87) -> 216.89058 | D88: =SUM(D84:D87) -> 422.68836 | E88: =SUM(E84:E87) -> 424.06336
A90: MÓDULO 6: CUSTOS INDIRETOS, TRIBUTOS E LUCRO
A91: 6 - Custos Indiretos, Tributos e Lucro | C91: Valor (R$) | D91: Valor (R$) | E91: Valor (R$)
A92: A - Custos Indiretos | B92: 0.06 | C92: =(C19+C49+C59+C80+C88)*$B92 -> 390.41976 | D92: =(D19+D49+D59+D80+D88)*$B92 -> 782.16044 | E92: =(E19+E49+E59+E80+E88)*$B92 -> 891.3075
A93: B - Lucro | B93: 0.0679 | C93: =(C19+C49+C59+C80+C88+C92)*$B93 -> 468.33453 | D93: =(D19+D49+D59+D80+D88+D92)*$B93 -> 938.2536 | E93: =(E19+E49+E59+E80+E88+E92)*$B93 -> 1069.1828
A94: C – Tributos (ISS 2,00 %) | B94: =SUM(B95:B98) -> 0.0565 | C94: =SUM(C95:C98) -> 441.08627 | D94: =SUM(D95:D98) -> 883.66488 | E94: =SUM(E95:E98) -> 1006.9764
A95: C.1 - Tributos Federais (PIS e COFINS) | B95: 0.0365 | C95: =((C$19+C$49+C$59+C$80+C$88+C$92+C$93)/(1-$B95-$B96-$B97))*$B95 -> 284.94954 | D95: =((D$19+D$49+D$59+D$80+D$88+D$92+D$93)/(1-$B95-$B96-$B97))*$B95 -> 570.86315 | E95: =((E$19+E$49+E$59+E$80+E$88+E$92+E$93)/(1-$B95-$B96-$B97))*$B95 -> 650.5246
A96: C.2 - Tributos Estaduais (especificar) | B96: 0 | C96: =((C$19+C$49+C$59+C$80+C$88+C$92+C$93)/(1-$B95-$B96-$B97))*$B96 -> 0 | D96: =((D$19+D$49+D$59+D$80+D$88+D$92+D$93)/(1-$B95-$B96-$B97))*$B96 -> 0 | E96: =((E$19+E$49+E$59+E$80+E$88+E$92+E$93)/(1-$B95-$B96-$B97))*$B96 -> 0
A97: C.3 - Tributos Municipais (especificar) | B97: 0.02 | C97: =((C$19+C$49+C$59+C$80+C$88+C$92+C$93)/(1-$B95-$B96-$B97))*$B97 -> 156.13673 | D97: =((D$19+D$49+D$59+D$80+D$88+D$92+D$93)/(1-$B95-$B96-$B97))*$B97 -> 312.80173 | E97: =((E$19+E$49+E$59+E$80+E$88+E$92+E$93)/(1-$B95-$B96-$B97))*$B97 -> 356.45184
A98: C.4 - Outros Tributos (especificar) | B98: 0
A99: C – Tributos (ISS 2,10 %) | B99: =SUM(B100:B103) -> 0.0575 | C99: =SUM(C100:C103) -> 449.36939 | D99: =SUM(D100:D103) -> 900.25913 | E99: =SUM(E100:E103) -> 1025.8863
A100: C.1 - Tributos Federais (PIS e COFINS) | B100: 0.0365 | C100: =((C$19+C$49+C$59+C$80+C$88+C$92+C$93)/(1-$B100-$B101-$B102))*$B100 -> 285.25187 | D100: =((D$19+D$49+D$59+D$80+D$88+D$92+D$93)/(1-$B100-$B101-$B102))*$B100 -> 571.46884 | E100: =((E$19+E$49+E$59+E$80+E$88+E$92+E$93)/(1-$B100-$B101-$B102))*$B100 -> 651.21481
A101: C.2 - Tributos Estaduais (especificar) | B101: 0 | C101: =((C$19+C$49+C$59+C$80+C$88+C$92+C$93)/(1-$B100-$B101-$B102))*$B101 -> 0 | D101: =((D$19+D$49+D$59+D$80+D$88+D$92+D$93)/(1-$B100-$B101-$B102))*$B101 -> 0 | E101: =((E$19+E$49+E$59+E$80+E$88+E$92+E$93)/(1-$B100-$B101-$B102))*$B101 -> 0
A102: C.3 - Tributos Municipais (especificar) | B102: 0.021 | C102: =((C$19+C$49+C$59+C$80+C$88+C$92+C$93)/(1-$B100-$B101-$B102))*$B102 -> 164.11751 | D102: =((D$19+D$49+D$59+D$80+D$88+D$92+D$93)/(1-$B100-$B101-$B102))*$B102 -> 328.79029 | E102: =((E$19+E$49+E$59+E$80+E$88+E$92+E$93)/(1-$B100-$B101-$B102))*$B102 -> 374.67154
A103: C.4 - Outros Tributos (especificar) | B103: 0
A104: C – Tributos (ISS 2,50 %) | B104: =SUM(B105:B108) -> 0.0615 | C104: =SUM(C105:C108) -> 482.67837 | D104: =SUM(D105:D108) -> 966.98979 | E104: =SUM(E105:E108) -> 1101.929
A105: C.1 - Tributos Federais (PIS e COFINS) | B105: 0.0365 | C105: =((C$19+C$49+C$59+C$80+C$88+C$92+C$93)/(1-$B105-$B106-$B107))*$B105 -> 286.46765 | D105: =((D$19+D$49+D$59+D$80+D$88+D$92+D$93)/(1-$B105-$B106-$B107))*$B105 -> 573.90451 | E105: =((E$19+E$49+E$59+E$80+E$88+E$92+E$93)/(1-$B105-$B106-$B107))*$B105 -> 653.99037
A106: C.2 - Tributos Estaduais (especificar) | B106: 0 | C106: =((C$19+C$49+C$59+C$80+C$88+C$92+C$93)/(1-$B105-$B106-$B107))*$B106 -> 0 | D106: =((D$19+D$49+D$59+D$80+D$88+D$92+D$93)/(1-$B105-$B106-$B107))*$B106 -> 0 | E106: =((E$19+E$49+E$59+E$80+E$88+E$92+E$93)/(1-$B105-$B106-$B107))*$B106 -> 0
A107: C.3 - Tributos Municipais (especificar) | B107: 0.025 | C107: =((C$19+C$49+C$59+C$80+C$88+C$92+C$93)/(1-$B105-$B106-$B107))*$B107 -> 196.21072 | D107: =((D$19+D$49+D$59+D$80+D$88+D$92+D$93)/(1-$B105-$B106-$B107))*$B107 -> 393.08528 | E107: =((E$19+E$49+E$59+E$80+E$88+E$92+E$93)/(1-$B105-$B106-$B107))*$B107 -> 447.93861
...

Sheet  Memória de Cálculo 1
B2: Memória de Cálculo
B4: Salário base mensal Vigilante | C4: ='Planilha de Custos'!B12 -> 2271.74
B6: VALE TRANSPORTE (12x36) | C6: BILHETES | D6: DIAS | E6: VALOR DA TARIFA | F6: VALOR MENSAL
B7: Quantidade de viagens/mês (2 bilhetes * 22 dias) | C7: 2 | D7: 15 | E7: 4.61 | F7: =C7*D7*E7 -> 138.3
B8: Parcela do empregado (6% salário base mensal) | F8: =C4*6% -> 136.3044
B9: Custo Mensal para 1 Vigilante (12x36) | F9: =F7-MIN(F8,F7) -> 1.9956
B10: Custo Total Mensal para 2 Vigilantes (12x36) | F10: =F9*2 -> 3.9912
B11: VALE TRANSPORTE (44hs) | C11: BILHETES | D11: DIAS | E11: VALOR DA TARIFA | F11: VALOR MENSAL
B12: Quantidade de viagens/mês (2 bilhetes * 22 dias) | C12: 2 | D12: 22 | E12: =E7 -> 4.61 | F12: =C12*D12*E12 -> 202.84
B13: Parcela do empregado (6% salário base mensal) | F13: =C4*6% -> 136.3044
B14: Custo Total Mensal (44hs) | F14: =F12-MIN(F13,F12) -> 66.5356
B16: VALE REFEIÇÃO (12x36) | C16: QTD DE TICKETS | D16: VALOR UNITÁRIO | E16: EMPREGADO (ESTIPULADO NA CCT) | F16: CUSTO TOTAL MENSAL
C17: 15 | D17: 42 | E17: =D17*18% -> 7.56 | F17: =(D17-E17)*C17 -> 516.6
B18: Custo Total Mensal para 2 Vigilantes (12x36) | F18: =F17*2 -> 1033.2
B20: VALE REFEIÇÃO (30 e 44 hs) | C20: QTD DE TICKETS | D20: VALOR UNITÁRIO | E20: EMPREGADO (ESTIPULADO NA CCT) | F20: CUSTO TOTAL MENSAL
C21: 22 | D21: =D17 -> 42 | E21: =D21*18% -> 7.56 | F21: =(D21-E21)*C21 -> 757.68
B22: Custo Total Mensal (44hs) | F22: =F21 -> 757.68
B24: Seguro de Vida (cláusula Vigésima Segunda CCT e Caderno Técnico de Vigilância, 2014)
B25: A - Salário Normativo | D25: ='Planilha de Custos'!C4 -> 2271.74
B26: B - Adicional de Periculosidade (30%) | D26: ='Planilha de Custos'!C13 -> 681.522
B27: C - Base de cálculo (A + B) X 52 | D27: =(D25+D26)*52 -> 153569.62
B28: D - Alíquota FIA (ver Caderno Técnico disponível em comprasgov) | D28: 9.5e-05
B29: E - Total mensal (por funcionário): C X D | D29: =D27*D28 -> 14.589114
B32: Média de faltas anuais por motivos legais
B33: Média de dias de ausências legais por ano | D33: 2.96
B34: (Fonte: Caderno Técnico Planilha de Custos e Formação de Preços, 1ª Edição/2023)
B36: Licença Paternidade
B37: Taxa Bruta de Natalidade 2026 (IBGE): | E37: 0.01291
B38: Percentual de homens no serviço de vigilância: | E38: 0.7989
B39: Duração da Licença Paternidade (em dias) | E39: 20
B40: (Fonte: Painel de Informações RAIS 2025 e IBGE)
B42: Ausências por acidente de trabalho
B43: Média de faltas anuais por acidente de trabalho: | E43: 0.0651
B44: (Fonte: CADTERC Novembro 2025)
B46: Afastamento Maternidade
B47: Discriminação do Item | D47: 44hs - Valor (R$) | E47: Diurnas - Valor (R$) | F47: Noturnas - Valor (R$)
B48: 13º Salário + Férias + Adicional Férias | D48: ='Planilha de Custos'!C19+'Planilha de Custos'!C19+('Planilha de Custos'!C19/3) -> 6890.9447 | E48: ='Planilha de Custos'!D19+'Planilha de Custos'!D19+('Planilha de Custos'!D19/3) -> 13781.889 | F48: ='Planilha de Custos'!E19+'Planilha de Custos'!E19+('Planilha de Custos'!E19/3) -> 16225.042
B49: Submódulo 2.2 | D49: ='Planilha de Custos'!C35 -> 1207.556 | E49: ='Planilha de Custos'!D35 -> 2415.112 | F49: ='Planilha de Custos'!E35 -> 2843.2455
B50: Benefícios Mensais ( - VT e VR) | D50: ='Planilha de Custos'!C44-'Planilha de Custos'!C37-'Planilha de Custos'!C38 -> 318.66778 | E50: ='Planilha de Custos'!D44-'Planilha de Custos'!D37-'Planilha de Custos'!D38 -> 637.33557 | F50: ='Planilha de Custos'!E44-'Planilha de Custos'!E37-'Planilha de Custos'!E38 -> 637.33557
B51: Base de Cálculo | D51: =SUM(D48:D50) -> 8417.1685 | E51: =SUM(E48:E50) -> 16834.337 | F51: =SUM(F48:F50) -> 19705.624
B53: Percentual de Mulheres: | E53: 0.2011
B54: Taxa Bruta de Natalidade 2026 (IBGE): | E54: =E37 -> 0.01291
B55: (Fonte: Painel de Informações RAIS 2025 e IBGE)
B57: Auxílio-Funeral
B58: Piso Salarial x 1,5 | D58: ='Planilha de Custos'!C12*2 -> 4543.48
B59: Taxa média de incidência de ocorrência | D59: 0.00191
B60: Total mensal | D60: =(D58*D59)/12 -> 0.72317057
B61: (Fonte: CADTERC Novembro 2025)
B63: Reembolso-creche
B64: Valor mensal para o benefício de reembolso-creche a ser pago conforme Instrução Noemativa SEGES/MGI nº 147, de 13 de abril de 2026 | D64: 526.64
B65: Percentual de Incidência | D65: 0.2
B66: Total mensal | D66: =(D64*D65) -> 105.328
B67: Nota: Reembolso-creche: a publicação da Instrução Normativa SEGES/MGI nº 147, de 13 de abril de 2026 estabeleceu novas regras para o benefício de reembolso-creche em contratos com dedicação exclusiva de mão de obra, tornando o benefício que deve ser obrigatoriamente contemplado como um custo mínimo relevante. Para o provisionamento, deve-se utilizar o valor fixo de R$ 526,64 por dependente, aplicando o percentual de incidência de 20% previsto no Anexo II ou métodos estatísticos que reflitam a realidade da força de trabalho alocada. O pagamento à contratada fica condicionado à comprovação mensal do efetivo desembolso, sendo vedada a apropriação de eventuais saldos não utilizados pela empresa.

Sheet Memória de Cálculo 2 (Insumos)
A1: Memória de Cálculo 2
A3: ESTIMATIVA DE UNIFORMES POR VIGILANTE
A4: A – Item | B4: B -Quantidade | C4: C – Periodicidade de entrega (meses) | D4: D - Vigência contratual (meses) | E4: E – Quant. Total (D/C) X B | F4: F - Valor Unitário | G4: G - Valor Total (E x F)
A5: Calça | B5: 2 | C5: 6 | D5: 36 | E5: =D5/C5*B5 -> 12 | F5: 133.71 | G5: =E5*F5 -> 1604.52
A6: Camisa de mangas curtas | B6: 2 | C6: 6 | D6: 36 | E6: =D6/C6*B6 -> 12 | F6: 79.5 | G6: =E6*F6 -> 954
A7: Camisa de mangas compridas | B7: 2 | C7: 6 | D7: 36 | E7: =D7/C7*B7 -> 12 | F7: 100.58 | G7: =E7*F7 -> 1206.96
A8: Cinto | B8: 2 | C8: 6 | D8: 36 | E8: =D8/C8*B8 -> 12 | F8: 28.11 | G8: =E8*F8 -> 337.32
A9: Par de Sapatos ou Coturnos | B9: 2 | C9: 6 | D9: 36 | E9: =D9/C9*B9 -> 12 | F9: 103.07 | G9: =E9*F9 -> 1236.84
A10: Boné ou Quepe com emblema | B10: 2 | C10: 6 | D10: 36 | E10: =D10/C10*B10 -> 12 | F10: 22.21 | G10: =E10*F10 -> 266.52
A11: Jaqueta de frio ou japona | B11: 2 | C11: 6 | D11: 36 | E11: =D11/C11*B11 -> 12 | F11: 122.15 | G11: =E11*F11 -> 1465.8
A12: Capa de chuva | B12: 2 | C12: 6 | D12: 36 | E12: =D12/C12*B12 -> 12 | F12: 26.24 | G12: =E12*F12 -> 314.88
A13: Crachá | B13: 1 | C13: 12 | D13: 36 | E13: =D13/C13*B13 -> 3 | F13: 5.47 | G13: =E13*F13 -> 16.41
A14: Apito c/ cordão | B14: 1 | C14: 36 | D14: 36 | E14: =D14/C14*B14 -> 1 | F14: 5.47 | G14: =E14*F14 -> 5.47
A15: TOTAL | G15: =SUM(G5:G14) -> 7408.72
A16: CUSTO MENSAL ESTIMADO | E16: = total / nº de meses de vigência do contrato | G16: =G15/D5 -> 205.79778
A18: MATERIAIS E EQUIPAMENTOS POR POSTO
A19: Item | B19: A -Quant. | C19: B - Vida útil em meses | D19: C - Valor residual | E19: D - Valor Unitário | F19: Total Mensal A X [(D-C)/B]
A20: Cassetete | B20: 1 | C20: 30 | D20: =E20*10% -> 4.051 | E20: 40.51 | F20: =B20*((E20-D20)/C20) -> 1.2153
A21: Porta cassetete | B21: 1 | C21: 30 | D21: =E21*10% -> 2.34 | E21: 23.4 | F21: =B21*((E21-D21)/C21) -> 0.702
A22: Rádio Comunicação | B22: 1 | C22: 30 | D22: =E22*10% -> 24.97 | E22: 249.7 | F22: =B22*((E22-D22)/C22) -> 7.491
A23: Livro de ocorrência | B23: 1 | C23: 12 | D23: =E23*10% -> 2.246 | E23: 22.46 | F23: =B23*((E23-D23)/C23) -> 1.6845
A24: CUSTO MENSAL ESTIMADO | F24: =SUM(F20:F23) -> 11.0928
A25: Lanterna recarregável acima de 12 LEDs | B25: 1 | C25: 36 | D25: =E25*10% -> 5.5 | E25: 55 | F25: =B25*((E25-D25)/C25) -> 1.375
A26: CUSTO MENSAL ESTIMADO PARA POSTO NOTURNO | F26: =SUM(F24:F25) -> 12.4678

Sheet Memória de Cálculo 3
B2: ISS% | C2: 44 HORAS | D2: 12 x 36 DIURNO | E2: 12 x 36 NOTURNO | F2: HORA EVENTUAL DIURNA | G2: HORA EVENTUAL NOTURNA
C3: VALOR UNIT. MENSAL | D3: VALOR UNIT. MENSAL | E3: VALOR UNIT. MENSAL | F3: VALOR DA HORA | G3: VALOR DA HORA
B4: 0.02 | C4: ='Planilha de Custos'!C160 -> 7806.8366 | D4: ='Planilha de Custos'!D160 -> 15640.086 | E4: ='Planilha de Custos'!E160 -> 17822.592 | F4: ='Planilha de Custos'!C168 -> 35.485621 | G4: ='Planilha de Custos'!E168 -> 40.50589
B5: 0.021 | C5: ='Planilha de Custos'!C161 -> 7815.1197 | D5: ='Planilha de Custos'!D161 -> 15656.681 | E5: ='Planilha de Custos'!E161 -> 17841.502 | F5: ='Planilha de Custos'!C169 -> 35.523272 | G5: ='Planilha de Custos'!E169 -> 40.548868
B6: 0.025 | C6: ='Planilha de Custos'!C162 -> 7848.4287 | D6: ='Planilha de Custos'!D162 -> 15723.411 | E6: ='Planilha de Custos'!E162 -> 17917.544 | F6: ='Planilha de Custos'!C170 -> 35.674676 | G6: ='Planilha de Custos'!E170 -> 40.721692
B7: 0.03 | C7: ='Planilha de Custos'!C163 -> 7890.4664 | D7: ='Planilha de Custos'!D163 -> 15807.629 | E7: ='Planilha de Custos'!E163 -> 18013.514 | F7: ='Planilha de Custos'!C171 -> 35.865756 | G7: ='Planilha de Custos'!E171 -> 40.939805
B8: 0.035 | C8: ='Planilha de Custos'!C164 -> 7932.9568 | D8: ='Planilha de Custos'!D164 -> 15892.753 | E8: ='Planilha de Custos'!E164 -> 18110.517 | F8: ='Planilha de Custos'!C172 -> 36.058894 | G8: ='Planilha de Custos'!E172 -> 41.160267
B9: 0.04 | C9: ='Planilha de Custos'!C165 -> 7975.9073 | D9: ='Planilha de Custos'!D165 -> 15978.8 | E9: ='Planilha de Custos'!E165 -> 18208.571 | F9: ='Planilha de Custos'!C173 -> 36.254124 | G9: ='Planilha de Custos'!E173 -> 41.383116
B10: 0.045 | C10: ='Planilha de Custos'!C166 -> 8019.3254 | D10: ='Planilha de Custos'!D166 -> 16065.783 | E10: ='Planilha de Custos'!E166 -> 18307.692 | F10: ='Planilha de Custos'!C174 -> 36.451479 | G10: ='Planilha de Custos'!E174 -> 41.608392
B11: 0.05 | C11: ='Planilha de Custos'!C167 -> 8063.2188 | D11: ='Planilha de Custos'!D167 -> 16153.718 | E11: ='Planilha de Custos'!E167 -> 18407.899 | F11: ='Planilha de Custos'!C175 -> 36.650994 | G11: ='Planilha de Custos'!E175 -> 41.836133
